Workbook
Name _1_SE: #REF!
Name _1_SE: #REF!
Name _1_SE: #REF!
Name A: #REF!
Name A: #REF!
Name A: #REF!
Name AA: #REF!
Name AA: #REF!
Name AA: #REF!
Name accion: #REF!
Name accion: #REF!
Name accion: #REF!
Name ACCIONES: #REF!
Name actividades: #REF!
Name ACTIVIDADES_DE_GESTION_Y_CONTROL: #REF!
Name ACTIVIDADES2012: #REF!
Name AGENTE: #REF!
Name ANUALIZACION: #REF!
Name AÑO: #REF!
Name AREA_IMPACTO: #REF!
Name AREAS_IMPACTO: #REF!
Name ASUNTOS_TECNICOS: #REF!
Name ASUNTOS_TECNOLOGICOS: #REF!
Name B: #REF!
Name BASE_DE_ACTIVOS_Y_RECURSOS_DE_LA_ORGANIZACIÓN: #REF!
Name CALIFICACION: #REF!
Name CANAL_DE_DISTRIBUCION: [1]DATOS!$C$16:$C$27
Name CAUSA: #REF!
Name CAUSA: #REF!
Name CAUSA: #REF!
Name CAUSAS: [2]CAUSAS!$C$6:$O$11
Name CAUSASDERIESGO: #REF!
Name CAUSASDERIESGO: #REF!
Name CAUSASDERIESGO: #REF!
Name CAUSASDERIESGO1: #REF!
Name CAUSASDERIESGO1: #REF!
Name CAUSASDERIESGO1: #REF!
Name CIRCUNSTANCIAS_ECONOMICAS_Y_DE_MERCADO: #REF!
Name CIRCUNSTANCIAS_ECONOMICAS_Y_DE_MERCADO: #REF!
Name CIRCUNSTANCIAS_ECONOMICAS_Y_DE_MERCADO: #REF!
Name CIRCUNSTANCIAS_ECONOMICAS_Y_DEL_ESTADO: #REF!
Name CIRCUNSTANCIAS_POLITICAS_Y_LEGISLATIVAS: #REF!
Name CIRCUNSTANCIAS_POLITICAS_Y_LEGISSLATIVAS: #REF!
Name CLAVE: #REF!
Name CLAVECAUSA: [2]CAUSAS!$C$12:$O$12
Name CLAVECONT: #REF!
Name CLAVECONT: #REF!
Name CLAVECONT: #REF!
Name CLAVECONTROL: '[2]NO BORRAR'!$B$41:$B$57
Name CLAVEOBJ: #REF!
Name CLAVEOBJ: #REF!
Name CLAVEOBJ: #REF!
Name CLAVEPOL: #REF!
Name CLAVEPOL: #REF!
Name CLAVEPOL: #REF!
Name CLAVEPOLITICA: '[2]NO BORRAR'!$B$3:$B$17
Name CLAVEPROC: #REF!
Name CLAVEPROC: #REF!
Name CLAVEPROC: #REF!
Name CLAVEPROCEDIMIENTO: '[2]NO BORRAR'!$B$22:$B$38

Sheet Lista
A1: Estado de la Actividad
A2: Cumplida
A3: No Cumplida
A4: Parcialmente
A5: No Programada en el Periodo
A6: Eliminada

Sheet Desagregado
A1: COMPONENTE | B1: ESTRATEGIA | C1: No. Actividades | D1: Código Actividad | E1: Actividad | F1: % Acumulado | G1: Promedio | H1: Responsable
A2: Componente 1. | B2: 1. MECANISMOS PARA LA TRANSPARENCIA Y ACCESO A LA INFORMACIÓN | C2: 20 | D2: 1.1.1 | E2: Adecuar y publicar la información en el modulo participa en la sede electrónica de la SDA. | F2: =+PTEP!#REF! -> #REF! | G2: =+AVERAGE(F2:F21) -> #REF! | H2: Oficina de Participación, Educación y Localidades, Subsecretaria general, Oficina asesora de comunicaciones y DPSIA
D3: 1.1.2 | E3: Adecuar y publicar la información en el modulo atención y servicios a la ciudadanía en la sede electrónica de la SDA. | F3: =+PTEP!#REF! -> #REF! | H3: Subsecretaria general / servicio a la ciudadanía
D4: 1.1.3 | E4: Realizar acompañamiento a la apropiación y uso de las diferentes secciones del modulo participa en la sede electrónica de la SDA. | F4: =+PTEP!#REF! -> #REF! | H4: Subsecretaria General
D5: 1.1.4 | E5: Realizar seguimiento a los pasivos exigibles, reservas presupuestales y saneamiento contable. | F5: =+PTEP!#REF! -> #REF! | H5: Oficina de Control Interno
D6: 1.2.1 | E6: Realizar las publicaciones de información en la sección de transparencia conforme a la Ley 1712 de 2014, Resolución MinTIC 3564 de 2015 en la página web de la SDA, de acuerdo con la producción y actualización de la información solicitada por los procesos o dependencias en la mesa de servicios. | F6: =+PTEP!#REF! -> #REF! | H6: Dirección de Planeación y sistemas de información ambiental / Gestión tecnológica
D7: 1.2.2 | E7: Generar y publicar un informe mensual de gestión de las solicitudes de acceso a la información que incluya copia de las respuestas dadas por la entidad. | F7: =+PTEP!#REF! -> #REF! | H7: Subsecretaria general / servicio a la ciudadanía
D8: 1.3.1 | E8: Actualizar el registro de activos de información e Índice de información clasificada y reservada; y gestionar su aprobación. | F8: =+PTEP!#REF! -> #REF! | H8: Dirección de Planeación y sistemas de información ambiental / Gestión tecnológica
D9: 1.3.2 | E9: Gestionar la aprobación de la Tabla de Retención Documental de la SDA ante el Archivo Distrital. | F9: =+PTEP!#REF! -> #REF! | H9: Dirección de Gestión Corporativa / Gestión documental
D10: 1.3.3 | E10: Actualizar el esquema de publicación de información de la SDA, de acuerdo con la Resolución SDA No. 05466 de 2023 por medio de la cual se adopta el nuevo esquema de publicación de la SDA. | F10: =+PTEP!#REF! -> #REF! | H10: Dirección de Planeación y sistemas de información ambiental / Gestión tecnológica
D11: 1.3.4 | E11: Expedir el acto administrativo por el cual se establecen los costos de reproducción de la información pública solicitada por particulares a la Secretaría Distrital de Ambiente | F11: =+PTEP!#REF! -> #REF! | H11: Dirección de Gestión Corporativa / Gestión documental
D12: 1.3.5 | E12: Actualizar el Programa de Gestión Documental para el periodo comprendido entre agosto de 2023 a agosto 2024 | F12: =+PTEP!#REF! -> #REF! | H12: Dirección de Gestión Corporativa / Gestión documental
D13: 1.4.1 | E13: Gestionar las directrices de accesibilidad web faltantes en la SDA, conforme a lo establecido en la Resolución 1519 de 2020 y el plan de trabajo interno. | F13: =+PTEP!#REF! -> #REF! | H13: Dirección de Planeación y sistemas de información ambiental / Gestión tecnológica
D14: 1.4.2 | E14: Realizar capacitaciones o sensibilizaciones sobre producción documental con criterios de accesibilidad, lenguaje claro y enfoque diferencial, a fin de ser publicados en la sede electrónica de la SDA, según la Resolución Mintic No. 1519 de 2020. | F14: =+PTEP!#REF! -> #REF! | H14: Oficina asesora de comunicaciones / Comunicaciones
... D21: 1.5.7 | E21: Proponer y/o desarrollar estrategias de contenido o alternativas de solución para mejorar el posicionamiento de la sede electrónica de la entidad (ambientebogota.gov.co) y de las plataformas virtuales de la DPSIA, en los motores de búsqueda, conforme a las metas y visión estratégica de la entidad. | F21: =+PTEP!#REF! -> #REF! | H21: Dirección de Planeación y Sistemas de Información Ambiental
A22: Componente 2. | B22: 2. RENDICIÓN DE CUENTAS | C22: 10 | D22: 2.1.1 | E22: Diseñar y ejecutar el plan de comunicaciones de la SDA para la vigencia 2023, el cual incluye la socialización y divulgación de la gestión institucional e información de interés, a través de los canales tanto internos como externos con los que cuenta la entidad | F22: =+PTEP!#REF! -> #REF! | G22: =+AVERAGE(F22:F31) -> #REF! | H22: Oficina asesora de comunicaciones / Comunicaciones
D23: 2.1.2 | E23: Actualizar los indicadores ambientales dispuestos en el Observatorio Ambiental de Bogotá-OAB y en el Observatorio Regional Ambiental y de Desarrollo Sostenible del Río Bogotá-ORARBO. | F23: =+PTEP!#REF! -> #REF! | H23: Dirección de Planeación y Sistemas de Información Ambiental / Planeación Ambiental
D24: 2.1.3 | E24: Elaborar los informes reglamentarios (Acuerdo 067/02, Bogotá Cómo Vamos, Matriz de indicadores de ciudad, ICAU, ODS) que rinden cuenta sobre la gestión de la administración Distrital, el estado y calidad de los recursos naturales. | F24: =+PTEP!#REF! -> #REF! | H24: Dirección de Planeación y Sistemas de Información Ambiental / Planeación Ambiental
D25: 2.2.1 | E25: Vincular nuevos grupos, colectivos u organizaciones al programa de Voluntariado Ambiental | F25: =+PTEP!#REF! -> #REF! | H25: Oficina de Participación, Educación y Localidades / Participación y Educación Ambiental
D26: 2.2.2 | E26: Desarrollar procesos de participación y realizar las actividades de educación ambiental, conforme al plan de acción programado para la vigencia 2023 | F26: =+PTEP!#REF! -> #REF! | H26: Oficina de Participación, Educación y Localidades / Participación y Educación Ambiental
D27: 2.2.3 | E27: Socializar el Plan Institucional de Participación Ciudadana a través de las 20 Comisiones Ambientales Locales del D.C. | F27: =+PTEP!#REF! -> #REF! | H27: Oficina de Participación, Educación y Localidades / Participación y Educación Ambiental
D28: 2.2.4 | E28: Hacer presencia institucional en ferias y eventos de servicio al ciudadano, organizadas por la Alcaldía Mayor de Bogotá y/o otras entidades. | F28: =+PTEP!#REF! -> #REF! | H28: Subsecretaria general / servicio a la ciudadanía
D29: 2.2.5 | E29: Coordinar como cabeza del sector ambiente, las acciones a que haya lugar, para la presentación del informe de balance del PDD para la rendición de cuentas de la Administración Distrital u otros insumos requeridos conforme a los lineamientos metodológicos distritales. | F29: =+PTEP!#REF! -> #REF! | H29: Dirección de Planeación y Sistemas de Información Ambiental, Despacho, Oficina asesora de comunicaciones
D30: 2.2.6 | E30: Atender las preguntas, comentarios y/u observaciones realizadas por la ciudadanía dirigidas al sector ambiente, en el proceso de rendición de cuentas distrital. | F30: =+PTEP!#REF! -> #REF! | H30: Dirección de Planeación y Sistemas de Información Ambiental, despacho, oficina asesora de comunicaciones
D31: 2.2.7 | E31: Realizar una jornada de dialogo ciudadano y rendición de cuenta de la vigencia 2022, conforme a la ruta de trabajo y lineamientos metodológicos de la Administración distrital y la Veeduría Distrital. | F31: =+PTEP!#REF! -> #REF! | H31: Dirección de Planeación y Sistemas de Información Ambiental, despacho, oficina asesora de comunicaciones
A32: Componente 3. | B32: 3. MECANISMOS PARA MEJORAR LA ATENCIÓN AL CIUDADANO | C32: 6 | D32: 3.1.1 | E32: Realizar visitas de seguimiento al servicio prestado en los diferentes puntos de atención presenciales de la SDA. | F32: =+PTEP!#REF! -> #REF! | G32: =+AVERAGE(F32:F37) -> #REF! | H32: Subsecretaria general / servicio a la ciudadanía
D33: 3.2.1 | E33: Implementar acciones del modelo de servicio al ciudadano para la SDA, acorde a los lineamientos dados por la Secretaria General. | F33: =+PTEP!#REF! -> #REF! | H33: Subsecretaria general / servicio a la ciudadanía
D34: 3.3.1 | E34: Realizar actividades de entrenamiento a los servidores del grupo servicio a la ciudadania, en cumplimiento a la política distrital de servicio al ciudadano. | F34: =+PTEP!#REF! -> #REF! | H34: Subsecretaria general / servicio a la ciudadanía
D35: 3.4.1 | E35: Realizar seguimiento a la oportunidad de las PQRS que ingresan a través de los diferentes canales de atención de la SDA, generando las alertas necesarias; y efectuar un informe de evaluación mensual de la oportunidad de respuesta, teniendo en cuenta los plazos establecidos en la Ley 1755 de 2015. | F35: =+PTEP!#REF! -> #REF! | H35: Subsecretaria general / servicio a la ciudadanía
D36: 3.5.1 | E36: Medir el porcentaje de satisfacción del servicio prestado por el grupo servicio a la ciudadanía, mediante la aplicación de una encuesta de percepción a una muestra del 60% de los usuarios atendidos por los canales presencial y telefónico de la SDA. | F36: =+PTEP!#REF! -> #REF! | H36: Subsecretaria general / servicio a la ciudadanía
D37: 3.5.2 | E37: Dar respuesta oportuna y de fondo a las solicitudes reiteradas o allegadas al Defensor del Ciudadano de la SDA. | F37: =+PTEP!#REF! -> #REF! | H37: Subsecretaria general / servicio a la ciudadanía
A38: Componente 4. | B38: 4. RACIONALIZACIÓN DE TRÁMITES | C38: 2 | D38: 4.1.1 | E38: Formular y registrar la estrategia de racionalización de trámites de la SDA para la vigencia 2023 en el SUIT. | F38: =+PTEP!#REF! -> #REF! | G38: =+AVERAGE(F38:F39) -> #REF! | H38: Subsecretaria general / servicio a la ciudadanía
D39: 4.1.2 | E39: Realizar seguimiento a la Estrategia de Racionalización de Trámites 2023 de la SDA, con base en la información disponible en el SUIT de la Función Pública | F39: =+PTEP!#REF! -> #REF! | H39: Oficina de Control Interno
A40: Componente 5. | B40: 5. APERTURA DE INFORMACIÓN Y DATOS ABIERTOS | C40: 4 | D40: 5.1.1 | E40: Realizar depuración, mantenimiento y actualización de los datos abiertos en la plataforma distrital "Datos abiertos Bogotá" https://datosabiertos.bogota.gov.co/ | F40: =+PTEP!#REF! -> #REF! | G40: =+AVERAGE(F40:F43) -> #REF! | H40: Dirección de Planeación y sistemas de información ambiental / Gestión tecnológica
D41: 5.2.1 | E41: Entregar información sobre la gestión institucional en lenguaje claro, a través de los canales de comunicación externa, conforme al plan de comunicaciones de la SDA para la vigencia 2023 y las politicas de operación del procedimiento interno del proceso de comunicaciones. | F41: =+PTEP!#REF! -> #REF! | H41: Oficina asesora de comunicaciones / Comunicaciones
D42: 5.3.1 | E42: Revisión del funcionamiento de los servicios se los objetos geográficos ya dispuestos en la plataforma de datos abiertos, a con el fin de verificar su correcto funcionamiento. | F42: =+PTEP!#REF! -> #REF! | H42: Dirección de Planeación y sistemas de información ambiental / Gestión tecnológica
D43: 5.3.2 | E43: Revisión y actualización del catálogo de objetos, diccionario de datos e informe de calidad de los objetos geográficos conforme a los formatos y lineamientos establecidos IDECA. | F43: =+PTEP!#REF! -> #REF! | H43: Dirección de Planeación y sistemas de información ambiental / Gestión tecnológica
A44: Componente 6. | B44: 6. PARTICIPACIÓN E INNOVACIÓN EN LA GESTIÓN PÚBLICA | C44: 3 | D44: 6.1.1 | E44: Mapear cinco (5) comunidades de práctica y aprendizaje ciudadano para la gestión del conocimiento y la innovación, para la transparencia y ética pública con enfoque ambiental en grandes centros urbanos que tengan condiciones geopolíticas similares a Bogotá para su divulgación y socialización a la ciudadana y servidores públicos. | F44: =+PTEP!#REF! -> #REF! | G44: =+AVERAGE(F44:F46) -> #REF! | H44: Dirección de Planeación y Sistemas de Información Ambiental (Direccionamiento Estrátegico)
D45: 6.2.1 | E45: Proponer estrategias de innovación en temas institucionales | F45: =+PTEP!#REF! -> #REF! | H45: Dirección de Gestión Corporativa / DPSIA / SG
D46: 6.3.1 | E46: Gestionar la integración de la entidad en una red de conocimiento e intercambio de experiencias en materia de gestión del conocimiento e innovación o transparencia y ética pública. | F46: =+PTEP!#REF! -> #REF! | H46: Dirección de Gestión Corporativa / DPSIA / SG
A47: Componente 6. | B47: 7. PROMOCIÓN DE LA INTEGRIDAD Y LA ÉTICA PÚBLICA | C47: 8 | D47: 7.1.1 | E47: Formular el Plan de Acción del programa de gestión de integridad de la SDA para la vigencia 2023 y aprobarlo. | F47: =+PTEP!#REF! -> #REF! | G47: =+AVERAGE(F47:F54) -> #REF! | H47: Gestores de Integridad Comité Institucional de Gestión y Desempeño Institucional
D48: 7.1.2 | E48: Ejecutar el plan de acción del programa de gestión de integridad de la SDA para la vigencia 2023 | F48: =+PTEP!#REF! -> #REF! | H48: Gestores de Integridad Comité Institucional de Gestión y desempeño institucional
D49: 7.1.3 | E49: Elaborar informe de resultados de la gestión de Integridad del 2023, presentarlo ante Comité Institucional de Gestión y Desempeño y publicarlo en la página web. | F49: =+PTEP!#REF! -> #REF! | H49: Gestores de Integridad
D50: 7.2.1 | E50: Diseñar y ejecutar una estrategia de comunicación a través de campaña, piezas divulgativas u otras iniciativas de apropiación y promoción del código de integridad que vinculen la participación de los gestores de integridad, los servidores, los colaboradores y los grupos de interés definidos por la entidad. | F50: =+PTEP!#REF! -> #REF! | H50: Gestores de integridad Oficina Asesora de Comunicaciones
D51: 7.3.1 | E51: Participar en las actividades distritales asociadas a la gestión de integridad que se promuevan desde la Secretaría General de la Alocaldía Mayor de Bogotá en marco de la iniciativa Bogota con Integridad | F51: =+PTEP!#REF! -> #REF! | H51: Gestores de integridad Equipo lider institucional
D52: 7.4.1 | E52: Formular, ejecutar y hacer seguimiento al plan de trabajo para la gestión de conflicto de intereses 2023 | F52: =+PTEP!#REF! -> #REF! | H52: Dirección de Gestión Corporativa Gestores de Integridad Todas las dependencias
D53: 7.4.2 | E53: Incluir en los contratos de prestación de servicios de los apoderados judiciales, una cláusula en el sentido de manifestar cualquier conflicto de intereses en el que se encuentren incursos, por la relación con los procesos judiciales y extrajudiciales de toda índole, asignados a cargo. | F53: =+PTEP!#REF! -> #REF! | H53: Dirección de Gestión Corporativa / Gestión documental
D54: 7.5.1 | E54: Formular, ejecutar y hacer seguimiento al plan de implementación para la vigencia 2023 conforme a la Politica Antisoborno de la SDA. | F54: =+PTEP!#REF! -> #REF! | H54: Subsecretaría General Dirección de Gestión Corporativa Control Interno Gestores de integridad todas las áreas
A55: Componente 8. | B55: 8. GESTIÓN DE RIESGOS DE CORRUPCIÓN - MAPAS DE RIESGO | C55: 6 | D55: 8.1.1 | E55: Revisar la Política de administración de riesgos de la entidad, para verificar si requiere de actualización o ajuste. | F55: =+PTEP!#REF! -> #REF! | G55: =+AVERAGE(F55:F60) -> #REF! | H55: Subsecretaria General (SIG)
D56: 8.1.2 | E56: Socializar la Política de administración de riesgos de la entidad, en los procesos que conforman el mapa de proceso de la SDA. | F56: =+PTEP!#REF! -> #REF! | H56: Subsecretaria General (SIG)
D57: 8.2.1 | E57: Revisar, actualizar y presentar el mapa de riesgos de la entidad que incluye los riesgos de corrupción, ante el Comité Institucional de Coordinación de Control Interno - CICCI. | F57: =+PTEP!#REF! -> #REF! | H57: Subsecretaria General (SIG)
D58: 8.3.1 | E58: Realizar divulgación del Mapa de riesgos de gestión y de corrupción de la SDA. | F58: =+PTEP!#REF! -> #REF! | H58: Subsecretaria General (SIG)
D59: 8.4.1 | E59: Realizar monitoreo cuatrimestral al mapa de riesgos, conforme a la politica de administración de riesgos de la SDA, los procedimientos internos y el esquema de lineas de defensa. | F59: =+PTEP!#REF! -> #REF! | H59: Subsecretaria General (SIG)
D60: 8.5.1 | E60: Realizar seguimiento cuatrimestral al Plan Anticorrupción y de Atención al Ciudadano (incluyendo la gestión de los riesgos consolidados en el mapa de riesgos de gestión y de corrupción, así como los componentes adoptados en transición al Programa de Transparencia y Ética Pública, cuando aplique). | F60: =+PTEP!#REF! -> #REF! | H60: Oficina de Control Interno
A61: Componente 9. | B61: 9. MEDIDAS DE DEBIDA DILIGENCIA Y PREVENCIÓN DE LAVADO DE ACTIVOS | C61: 3 | D61: 9.1.1 | E61: Definir equipo de trabajo para la implementación del Sistema de Administración del Riesgo de Lavado de Activos y Financiación del Terrorismo – SARLAFT y presentar a aprobación en Comité Institucional de Gestión y Desempeño | F61: =+PTEP!#REF! -> #REF! | G61: =+AVERAGE(F61:F63) -> #REF! | H61: Subsecretaria General (SIG)
D62: 9.2.1 | E62: Establecer plan de trabajo para implementar el Sistema de Administración del Riesgo de Lavado de Activos y Financiación del Terrorismo – SARLAFT y presentar a aprobación en Comité Institucional de Gestión y Desempeño | F62: =+PTEP!#REF! -> #REF! | H62: Subsecretaria General (SIG)
D63: 9.3.1 | E63: Realizar monitoreo bimensual al plan de trabajo para implementar el Sistema de Administración del Riesgo de Lavado de Activos y Financiación del Terrorismo – SARLAFT y presentar avances a la alta dirección. | F63: =+PTEP!#REF! -> #REF! | H63: Subsecretaria General (SIG)
A64: TOTAL ACTIVIDADES PAAC 2023 | C64: =SUM(C2:C63) -> 62 | F64: =+AVERAGE(F2:F63) -> #REF! | G64: =+AVERAGE(G2:G63) -> #REF!

Sheet PTEP
C1: PROGRAMA DE TRANSPARENCIA Y ÉTICA PÚBLICA - PTEP SECRETARÍA DISTRITAL DE AMBIENTE VIGENCIA 2024 Versión 2
A3: La Secretaría Distrital de Ambiente, está comprometida con la construcción y aplicación de estrategias que fortalezcan y promuevan una cultura institucional en torno a la transparencia, el desarrollo de comportamientos de cuidado, gestión integral y defensa de lo público, con el fin de prevenir los riesgos de corrupción y posibles conductas de fraude, soborno o conflicto de intereses, de forma tal que fomente en la entidad un ambiente de integridad y ética de lo público. Para ello, formula de forma participativa y abierta este programa, que le permitirá continuar con la implementación de acciones para la lucha contra la corrupción, la gestión transparente, el control y prevención de los riesgos, la racionalización y accesibilidad a sus trámites y servicios, la participación ciudadana, el dialogo y rendición de cuentas, el mejoramiento del servicio a la ciudadanía y la interiorización de los valores del código de integridad en todos los colaboradores, contratistas, funcionarios - servidores públicos de la SDA. Este programa se formula en cumplimiento de la Ley 2195 de 2022, por medio de la cual se adoptan medidas en materia de transparencia, prevención y lucha contra la corrupción y establece en su artículo 31, la necesidad de que las entidades públicas formulen los Programas de Transparencia y Ética pública como herramienta para fortalecer las acciones preventivas en la lucha contra la corrupción; siguiendo las orientaciones impartidas por la Secretaría General de la Alcaldía Mayor de Bogotá para la transición del Plan Anticorrupción y de Atención al Ciudadano a la construcción de los Programas de Transparencia y Ética Pública Distritales.
A4: OBJETIVO: Fijar estrategias institucionales para la vigencia 2024, encaminadas a la lucha contra la corrupción y el acceso a la información pública y transparente, que permitan prevenir, controlar y mitigar el riesgo de corrupción y a su vez posibiliten el fácil acceso a los trámites y servicios de la entidad y la generación de espacios de participación y diálogo con la ciudadanía, a fin de mejorar la eficiencia administrativa, la optimización de recursos y la prestación del servicio con mejores prácticas, accionando bajo los principios y valores de integridad, en procura de la defensa del valor de lo público, en cumplimiento de la misionalidad de la Secretaría Distrital de Ambiente.
O5: REPORTE PRIMERA LÍNEA DE DEFENSA I CUATRIMESTRE (Enero - Abril 2024) (Responsable de la actividad - Líder de proceso) | R5: SEGUIMIENTO SEGUNDA LÍNEA DE DEFENSA I CUATRIMESTRE (Enero - Abril 2024) (Dirección de Planeación y Sistemas de Información Ambiental) | U5: SEGUIMIENTO TERCER LINEA DE DEFENSA III CUATRIMESTRE (Enero - Abril 2024) Oficina de Control Interno - OCI | X5: REPORTE PRIMERA LÍNEA DE DEFENSA II CUATRIMESTRE (Mayo - Agosto 2024) (Responsable de la actividad - Líder de proceso) | AA5: SEGUIMIENTO SEGUNDA LÍNEA DE DEFENSA II CUATRIMESTRE (Mayo - Agosto 2024) (Dirección de Planeación y Sistemas de Información Ambiental) | AD5: SEGUIMIENTO TERCER LINEA DE DEFENSA II CUATRIMESTRE (Mayo - Agosto 2024) Oficina de Control Interno - OCI
A6: DIMENSIÓN MIPG ASOCIADA | B6: POLÍTICA MIPG ASOCIADA | C6: COMPONENTE PROGRAMA | D6: SUBCOMPONENTE PROGRAMA | E6: ID ACTIVIDAD | F6: ACTIVIDAD | G6: META | H6: NOMBRE DEL INDICADOR | I6: FORMULA DEL INDICADOR | J6: DOCUMENTOS DE VERIFICACIÓN | K6: RESPONSABLE (Dependencia / Proceso) | L6: PROGRAMACIÓN (Cuatrimestre 2024) | O6: AVANCE | P6: RESULTADO DEL INDICADOR | Q6: EVIDENCIA Y RUTA DE UBICACIÓN | R6: DESCRIPCIÓN DEL AVANCE | S6: EVIDENCIA Y RUTA DE UBICACIÓN | T6: GRADO DE CUMPLIMIENTO | U6: Estado de la Actividad | V6: DESCRIPCIÓN DEL AVANCE | W6: % AVANCE Indicador Acumulado | X6: AVANCE | Y6: RESULTADO DEL INDICADOR | Z6: EVIDENCIA Y RUTA DE UBICACIÓN | AA6: DESCRIPCIÓN DEL AVANCE | AB6: EVIDENCIA Y RUTA DE UBICACIÓN | AC6: GRADO DE CUMPLIMIENTO | AD6: Estado de la Actividad | AE6: DESCRIPCIÓN DEL AVANCE | AF6: % AVANCE Indicador Acumulado
C7: 1. MECANISMOS PARA LA TRANSPARENCIA Y ACCESO A LA INFORMACIÓN | D7: 1.1 Lineamiento de transparencia activa | E7: 1.1.1 | F7: Adecuar y publicar la información en el modulo atención y servicios a la ciudadanía en la sede electrónica de la SDA. | G7: Módulo atención y servicios a la ciudadanía adecuado en 100% | H7: Porcentaje de adecuación del Módulo atención y servicios a la ciudadanía | I7: (No. de acciones realizadas para la adecuación del Módulo atención y servicios a la ciudadanía / No. de acciones programadas para la adecuación del Módulo atención y servicios a la ciudadanía )*100 | J7: Correos electrónicos, actas de reunión, documentos y pantallazos | K7: Subsecretaria general / servicio a la ciudadanía | L7: X | M7: X | N7: X | O7: Durante el primer trimestre de 2024 , el modulo de atencion se encuentra actualizado en la pagina web de la entidad. Actualmente el menú Participa contiene informacion en todos los módulos, desde la OPEL se aportó información para los temas de: Intancias de participación ciudadana, Plan de participación ciudadana, Participación para el diagnóstico de necidades e identificación de problemas, la informacion se encuestra actualizada al primer trimestre de 2024 https://www.ambientebogota.gov.co/es/participa | P7: 100% modulo de atencion al ciudadano actualizado | Q7: Link: Menu Atencion al ciudadano: https://www.ambientebogota.gov.co/es/atencion-y-servicios-a-la-ciudadania Link Menu participa: https://www.ambientebogota.gov.co/es/participa | R7: Se evidencia información actualizada, organizada y disponible en el módulo atención y servicios a la ciudadanía. Se sugiere revisar en los canales de atención la descripción del chatbot, dado que no fue posible ubicarlo en la parte donde se indica, así mismo se sugiere actualizar la "Carta de trato digno" dado que es de la vigencia 2020. Estan habilitados los link que direcciona al Sistema de Bogota te escucha y otros enlaces web. Se encuentra desactualizados algunos nombres del directorio institucional. Se sugiere actualizar y ampliar las preguntas frecuentes, ya que por ejemplo aun se cita el centro de zoonosis el cual ya se llama Instituto de Protección y Bienestar Animal. El directorio de servidores públicos: contratistas esta actualizado a enero 2024 y el de funcionarios a febrero 2024. Están públicos y actualizados los informes semestrales del defensor del ciudadano. Esta actualizada la información relacionada con Prensa. Se sugiere revisar el item de "Información de Interés" del módulo atención y servicios a la ciudadanía, ya que no contiene información al respecto. También se sugiere la actualización del portafolio de servicios y trámites de la SDA, ya que al descargar el archivo indica "Portafolio de productos, servicios y tramites 2023" Por otra parte, el proceso reporta que el menú participa del portal web contiene información en todos los módulos, la segunda línea verifica y en particular la sección del Plan de participación ciudadana hay información desactualizada porque el plan de participación que direcciona es de la vigencia 2022 y el Plan de Acción de la Estrategia de Participación Ciudadana es del 2023. En cuanto a la sección "Participación para el diagnóstico de necesdades e identificación de problemas" se encuentra información organizada y útil, sin embargo hay información desactualizada con la Territorialización 2023 (corte 31 de julio de 2023) | S7: Menú atención y servicios a la ciudadanía https://www.ambientebogota.gov.co/es/atencion-y-servicios-a-la-ciudadania Menú participa https://www.ambientebogota.gov.co/web/transparencia/plan-de-participacion-ciudadana https://www.ambientebogota.gov.co/es/web/transparencia/participacion-para-la-identificacion-de-problemas-y-diagnostico-de-necesidades | T7: INICIADO | U7: Parcialmente | V7: En atención a la meta e indicador establecidos e identificados como: Meta: Módulo atención y servicios a la ciudadanía adecuado en 100% Indicador: Porcentaje de adecuación del Módulo atención y servicios a la ciudadanía Fórmula Indicador: (No. de acciones realizadas para la adecuación del Módulo atención y servicios a la ciudadanía / No. de acciones programadas para la adecuación del Módulo atención y servicios a la ciudadanía )*100 Revisadas las evidencias, se observaron actualizaciones en el menú atención y servicios a la ciudadanía, así como al módulo participa, no obstante, tal como lo indica segunda línea, se observaron los siguientes botones y documentos desactualizados sobre los cuales se recomienda su revisión y actualización: 1.El chatbot, no se encuentra disponible, 2. la "Carta de trato digno" de la vigencia 2020. 3. el directorio institucional se encuentra desactualizado, 4. las preguntas frecuentes, aun indican el centro de zoonosis el cual actualmente es el Instituto de Protección y Bienestar Animal. 6. El botón "Información de Interés" del módulo atención y servicios a la ciudadanía, no contiene información. 7. Actualizar el "Portafolio de productos, servicios y tramites 2023" es de la vigencia pasada, 8. el Plan De Participación Secretaria Distrital De Ambiente es del 2022, 9. el Plan de Acción de la Estrategia de Participación Ciudadana es del 2023 y 10. la Territorialización es vigencia 2023 con corte 31 de julio de 2023. Respecto a la formula del indicador, no es posible evidenciar su cumplimiento, toda vez que no se observó un documento que dé cuenta del No. de acciones que se tienen programadas durante la vigencia para la adecuación del módulo y servicios a la ciudadanía que permitan a esta oficina verificar el grado o avance de ejecución realizada durante el periodo evaluado, por lo tanto, tampoco se puede determinar cumplimiento del indicador, por lo tanto se recomienta que la medicion del indicador se pueda evidenciar para poder emitir un concepto de avance porcentual sobre la actividad. | W7: 0.2 | X7: Durante el segundo cuatrimestre de 2024 , el modulo de atencion se encuentra actualizado en la pagina web de la entidad. Actualmente el menú Participa contiene informacion en todos los módulos, desde la OPEL se aportó información para los temas de: Intancias de participación ciudadana, Plan de participación ciudadana, Participación para el diagnóstico de necesidades e identificación de problemas, la informacion se encuestra actualizada al primer trimestre de 2024 https://www.ambientebogota.gov.co/es/participa De esta manera se lleva un cumplimiento a la meta planteada del 66,6% a corte de julio. | Y7: 100% modulo de atencion al ciudadano actualizado | Z7: Link: Menu Atencion al ciudadano: https://www.ambientebogota.gov.co/es/atencion-y-servicios-a-la-ciudadania Link Menu participa: https://www.ambientebogota.gov.co/es/participa | AA7: Se evidencia información actualizada, organizada y disponible en el módulo atención y servicios a la ciudadanía. El chatbot aun sigue sin funcionamiento, por otro lado se observa que se actualiza la "Carta de trato digno" .Se reitera la sugerencia de actualizar y ampliar las preguntas frecuentes,Se sugiere revisar el item de "Información de Interés" del módulo atención y servicios a la ciudadanía, ya que no contiene información al respecto. Por otra parte, el proceso reporta que el menú participa del portal web contiene información en todos los módulos, la segunda línea verifica y en particular la sección del Plan de participación ciudadana hay información desactualizada porque el plan de participación que direcciona es de la vigencia 2022 y el Plan de Acción de la Estrategia de Participación Ciudadana es del 2023. En cuanto a la sección "Participación para el diagnóstico de necesdades e identificación de problemas" se encuentra información organizada y útil, sin embargo hay información desactualizada con la Territorialización 2023 (corte 31 de julio de 2023). Se sugiere actualizar la medicion, ya que es dificil poder cuantificar el grado de cumplimiento. | AB7: pagina web | AC7: CUMPLIENDO | AD7: Parcialmente | AE7: En atención a la meta e indicador establecidos e identificados como: Meta: Módulo atención y servicios a la ciudadanía adecuado en 100% Indicador: Porcentaje de adecuación del Módulo atención y servicios a la ciudadanía Fórmula Indicador: (No. de acciones realizadas para la adecuación del Módulo atención y servicios a la ciudadanía / No. de acciones programadas para la adecuación del Módulo atención y servicios a la ciudadanía )*100 Consultado El modulo participa de la pagina web de la sda, se evidencio que esta se encuentra disponible y actualizado, no obstante, una vez consultado el modulo "servicios a la ciudadania" se observó cargada informacion desactualizada como: 1. Plan de participacion ciudadana del 2022, 2. el Plan de Acción de la Estrategia de Participación Ciudadana del 2023, 3. la dispinibilidad de la informacion de "rendicion de cuentas" no cuenta con la carpeta 2024, 4. la informacion disponible de las caminatas es del mes de julio,4. la Territorialización 2023 (corte 31 de julio de 2023),5. finalmente el chatbot sigue sin disponibilidad o funcionamiento. tal como lo indica la segunda linea de defensa. Se reitera la sugerencia de actializar y ampliar las preguntas frecuentes y verificar la disponibilidad de item "informacon de interes" ya que se encuentra vacio. Respecto a la formula del indicador, no es posible evidenciar su cumplimiento, toda vez que no se observó un documento que dé cuenta del No. de acciones que se tienen programadas durante la vigencia para la adecuación del módulo y servicios a la ciudadanía que permitan a esta oficina verificar el grado o avance de ejecución realizada durante el periodo evaluado, por lo tanto, tampoco se puede determinar cumplimiento del indicador, por lo tanto se recomienta que la medicion del indicador se pueda evidenciar para poder emitir un concepto de avance porcentual sobre la actividad. Se asigna un 25% de cumplimiento, debido a las desactualizaciones presentadas | AF7: 0.58
C8: 1. MECANISMOS PARA LA TRANSPARENCIA Y ACCESO A LA INFORMACIÓN | D8: 1.1 Lineamiento de transparencia activa | E8: 1.1.2 | F8: Realizar acompañamiento a la apropiación y uso de las diferentes secciones del modulo participa en la sede electrónica de la SDA. | G8: 3 mesas de trabajo para el uso de las diferentes secciones del modulo participa | H8: Mesas de trabajo para el acompañamiento y apropiación del modulo participa | I8: (No. de mesas de trabajo realizadas para adecuar y publicar información en el modulo participa / 3 mesas de trabajo programadas para adecuar y publicar información en el modulo participa)*100 | J8: Actas de reuniones Memorandos Plan de mejora | K8: Subsecretaria general / servicio a la ciudadanía | L8: X | M8: X | N8: X | O8: Durante el primer trimestre del 2024 se realiza mesa de trabajo para seguir trabajando en mejorar el modulo participa, en esta mesa participa, transparencia, atencion al ciudadano , Opel y comunicaciones | P8: 0.33 | R8: El proceso reporta la realización de 1 de las 3 mesas de trabajo programadas para el acompañamiento y apropiación del módulo participa del portal web. Esta mesa de trabajo se realizó el 27 de marzo en conjunto con la subsecretaria general desde la temática de transparencia, servicio a la ciudadania con la OPEL y la oficina asesora de comunicaciones, donde trataron los lineamientos menú participa Función publica generalidades. | S8: Acta de reunión y lineamientos https://drive.google.com/drive/u/0/folders/1DPyQVA5dpR8cB_MRlF-pENon35L7bscB | T8: CUMPLIENDO | U8: Cumplida | V8: En atención a la meta e indicador establecidos e identificados como: Meta: 3 mesas de trabajo para el uso de las diferentes secciones del modulo participa Indicador: Mesas de trabajo para el acompañamiento y apropiación del modulo participa Fórmula Indicador: (No. de mesas de trabajo realizadas para adecuar y publicar información en el modulo participa / 3 mesas de trabajo programadas para adecuar y publicar información en el modulo participa)*100 Revisadas las evidencias se observo acta de mesa de trabajo, de fecha 27 de marzo de 2024 con temas tratados en: pagina web y lineamientos menú participa Función pública generalidades, no obstante, se recomienda cargar la version final del acta de reunion toda vez, que el acta cargada se encuentra en formato word y contiene errores en la asignacion de la dependencia responsable indicando que es a cargo de la subdireccion financiera y la lista no se encuentra completamente diligenciada, asi mismo se recomienda que aborden los temas de actualizacion de los menus participa y servicio a la ciudadania, los cuales no se mencionaron durante la reunion y en la web de la sda, presentan desactualizacion. Respecto a la meta, indicado y formula del indicador se observo cumplimiento | W8: 0.33 | X8: Se realizan ajustes al menu participa de acuerdo a requerimientos en reunion interna en Opel | Y8: 0.66 | Z8: https://drive.google.com/drive/folders/1Mcaa1J4tN98NWaYc8qgE8lQiBaH171W9 | AA8: El proceso reporta un archivo con todos los cambios realizados en el menu participa, no obstante el indicador se relaciona con mesas de trabajo. | AB8: https://drive.google.com/drive/folders/1Mcaa1J4tN98NWaYc8qgE8lQiBaH171W9 | AC8: INICIADA | AD8: No Cumplida | AE8: En atención a la meta e indicador establecidos e identificados como: Meta: 3 mesas de trabajo para el uso de las diferentes secciones del modulo participa Indicador: Mesas de trabajo para el acompañamiento y apropiación del modulo participa Fórmula Indicador: (No. de mesas de trabajo realizadas para adecuar y publicar información en el modulo participa / 3 mesas de trabajo programadas para adecuar y publicar información en el modulo participa)*100. Revisadas las evidencias, no se observaron documentos relacionados con los documentos de verificacion (Actas de reuniones,Memorandos, Plan de mejora) por lo tanto no se evidencio cumplimiento de la actividad ni de la meta propuesta. Por lo anterior, el estado de la actividad es "no cumplida" y su acumulado es el obtenido en el primer cuatrimestre 33% | AF8: 0.33
C9: 1. MECANISMOS PARA LA TRANSPARENCIA Y ACCESO A LA INFORMACIÓN | D9: 1.1 Lineamiento de transparencia activa | E9: 1.1.3 | F9: Realizar seguimiento a los pasivos exigibles, reservas presupuestales y saneamiento contable. | G9: Un (1) informe de seguimiento emitido y publicado en la página web de la Entidad. | H9: Emisión y publicación del informe de seguimiento | I9: (# de informes emitidos y publicados / 1) * 100 | J9: Memorando de emisión al CICCI. Informe publicado en página web. | K9: Oficina de Control Interno | N9: X | O9: Tercer cuatrimestre | R9: Acción programada para el tercer cuatrimestre | S9: No aplica | T9: PROGRAMADA | U9: No Programada en el Periodo | V9: En atención a la meta e indicador establecidos e identificados como: Meta: Un (1) informe de seguimiento emitido y publicado en la página web de la Entidad. Indicador: Emisión y publicación del informe de seguimiento Fórmula Indicador: (# de informes emitidos y publicados / 1) * 100 Esta actividad no se encuentra programada para este periodo. | W9: 0 | X9: N/A | Y9: N/A | Z9: N/A | AA9: NA | AB9: NA | AC9: NA | AD9: No Programada en el Periodo | AE9: En atención a la meta e indicador establecidos e identificados como: Meta: Un (1) informe de seguimiento emitido y publicado en la página web de la Entidad. Indicador: Emisión y publicación del informe de seguimiento Fórmula Indicador: (# de informes emitidos y publicados / 1) * 100 Esta actividad no se encuentra programada para este periodo. | AF9: 0
C10: 1. MECANISMOS PARA LA TRANSPARENCIA Y ACCESO A LA INFORMACIÓN | D10: 1.2 Lineamientos de transparencia pasiva | E10: 1.2.1 | F10: Realizar las publicaciones de información en la sección de transparencia conforme a la Ley 1712 de 2014, Resolución MinTIC 3564 de 2015 en la página web de la SDA, de acuerdo con la producción y actualización de la información solicitada por los procesos o dependencias en la mesa de servicios. | G10: Publicación del 100% de la información, conforme a las solicitudes de publicación en la sección de transparencia y acceso a la información de la SDA, realizadas por los procesos o dependencias solicitadas en la mesa de servicios. | H10: Porcentaje de publicación en la sección de transparencia y acceso a la información de las SDA. | I10: (No. de publicaciones realizadas en la sección de transparencia de la sede electrónica / No. de publicaciones solicitadas en el sección de transparencia) x 100 | J10: reporte mesa de servicios publicaciones | K10: Dirección de Planeación y sistemas de información ambiental / Gestión tecnológica | L10: X | M10: X | N10: X | O10: Se realizó publicación del 100% de la información solicitada por los procesos o dependencias mediante ticket en la mesa de servicios para publicación en la sección de transparencia y acceso a la información de la SDA. | P10: 1 | Q10: https://drive.google.com/drive/u/0/folders/14HL0SgKB0moYM7jbCJa5H3kP8eybFYsS | R10: Se evidencia el reporte de la mesa de servicios del servicio de publicación en el sitio de transparencia de la página web, con la atención de 122 ticket solicitados por la dependencia con la respectiva publicación de la información | S10: Reporte mesa de servicio https://drive.google.com/drive/u/0/folders/14HL0SgKB0moYM7jbCJa5H3kP8eybFYsS | T10: CUMPLIENDO | U10: Parcialmente | V10: En atención a la meta e indicador establecidos e identificados como: Meta: Publicación del 100% de la información, conforme a las solicitudes de publicación en la sección de transparencia y acceso a la información de la SDA, realizadas por los procesos o dependencias solicitadas en la mesa de servicios. Indicador: Porcentaje de publicación en la sección de transparencia y acceso a la información de las SDA. Fórmula Indicador: (No. de publicaciones realizadas en la sección de transparencia de la sede electrónica / No. de publicaciones solicitadas en el sección de transparencia) x 100 Revisadas las evidencias, se observó cumplimiento de la meta, respecto a la publicacion del 100% de la informacion solicitada por las dependencias para ser publicada en la web de la entidad segun el reporte entregado, no obstante, las evidencias solo dan reporte de los meses de enero, febrero y marzo, del mes de abril no se observo evidencia que permitiera verificar su cumplimiento. Respecto al indicador, su objetivo no es claro y es ambiguo frente a la formula del indicador por tanto, se sugiere la verificacion del cumplimiento de los criterios establecidos en la Ley 1712 de transparencia y no solo al porcentaje que tampoco esta definido, de las publicaciones en la seccion transparencia. | W10: 0.2 | X10: Se realizó publicación del 100% de la información solicitada por los procesos o dependencias mediante ticket en la mesa de servicios para publicación en la sección de transparencia y acceso a la información de la SDA. | Y10: 1 | Z10: https://drive.google.com/drive/folders/1n4LOkWGSuHVtqmYqnW7oN3AcFKt9XuZY?usp=drive_link | AA10: Se evidencia el reporte de la mesa de servicios del servicio de publicación en el sitio de transparencia de la página web, con la atención de 129 ticket solicitados por la dependencia con la respectiva publicación de la información. | AB10: https://drive.google.com/drive/folders/1Mcaa1J4tN98NWaYc8qgE8lQiBaH171W9 | AC10: CUMPLIENDO | AD10: Parcialmente | AE10: En atención a la meta e indicador establecidos e identificados como: Meta: Publicación del 100% de la información, conforme a las solicitudes de publicación en la sección de transparencia y acceso a la información de la SDA, realizadas por los procesos o dependencias solicitadas en la mesa de servicios. Indicador: Porcentaje de publicación en la sección de transparencia y acceso a la información de las SDA. Fórmula Indicador: (No. de publicaciones realizadas en la sección de transparencia de la sede electrónica / No. de publicaciones solicitadas en el sección de transparencia) x 100 Revisadas las evidencias, se observaron los reportes en excel de lo meses de mayo, junio y julio, asi como un consolidado denominado "casos portal web y boletin legal ambiental" no obstante, al validar este reporte consolidado, la informacion no coincide con la reportada mes a mes, es decir: la sumatoria de los reportes mes a mes, da un total de 89 requerimientos solicitados, pero al filtrar el consolidado, esta sumatoria no coincide, generando incertibumbre de dicho reporte, ya que en relacion a la formula del indicador, no fue posible determinar el Numero exacto de publicaciones solicitadas versus el Numero exacto de publicaciones realizadas. Al no observarse evidencia del mes de agosto se asigna un 25% de cumplimiento a la fecha. Asi mismo se reitera que a la fecha no se observo reporte del mes de abril. en cuanto al indicador, se reitera que su objetivo es ambiguo toda vez que no es pocible determinar el porcentaje de publicacion en la seccion de transparencia versus la normatividad aplicable y el reporte realizado. Datos mes a mes Reporte consolidado: 129 requerimientos Reporte mes a mes MAYO 30 JUNIO 27 JULIO 31 TOTAL 88 | AF10: =25%+W10 -> 0.45
C11: 1. MECANISMOS PARA LA TRANSPARENCIA Y ACCESO A LA INFORMACIÓN | D11: 1.2 Lineamiento de transparencia pasiva | E11: 1.2.2 | F11: Generar y publicar un informe mensual de gestión de las solicitudes de acceso a la información que incluya copia de las respuestas dadas por la entidad. | G11: Asignar el 100% de solicitudes de acceso a la información generadas por parte de la ciudadanía en la vigencia 2024 | H11: Porcentaje de asignación de las solicitudes de acceso a la información | I11: (No. de solicitudes de acceso de información asignadas, con seguimiento y publicadas / No. total de solicitudes de acceso de información ingresadas a la entidad) x 100 | J11: informes de solicitud de información | K11: Subsecretaria general / servicio a la ciudadanía | L11: X | M11: X | N11: X | O11: Durante el primer trimestre 2024, se recibieron 28 y se publicaron 21, asi: en enero 8, en febrero 13 y en marzo 7 generando los informes mensuales de solicitudes de acceso a la información | P11: Informes de solicitud de informacion | Q11: Informes publicados en la pagina web : https://www.ambientebogota.gov.co/es/web/transparencia/informe-de-pqrs Drive: https://drive.google.com/drive/u/0/folders/1k7WgCW1Rm90I56cmsSbP-ZSRnvzOqWYX | R11: El proceso reporta la recepción de 28 solicitudes de acceso a la información pública en lo corrido del primer trimestre 2024. Se verifica generación y publicación del informe mensual de gestión de las solicitudes de acceso a la información de los meses enero, febrero y marzo, los cuales contienen copia de las respuestas dadas por la entidad. | S11: Informes de acceso a la información https://www.ambientebogota.gov.co/es/web/transparencia/informe-de-pqrs/-/document_library_display/6nLwHuCsY1JF/view/6189097 | T11: CUMPLIENDO | U11: Parcialmente | V11: En atención a la meta e indicador establecidos e identificados como: Meta: Asignar el 100% de solicitudes de acceso a la información generadas por parte de la ciudadanía en la vigencia 2024 Indicador: Porcentaje de asignación de las solicitudes de acceso a la información Fórmula Indicador: (No. de solicitudes de acceso de información asignadas, con seguimiento y publicadas / No. total de solicitudes de acceso de información ingresadas a la entidad) x 100 A partir de la revision efectuada, se observo cumplimiento de la meta y formula del indicador, no obstante, se sugiere al proceso, contemplar la oportunidad de contar con un reporte sistematizado de todas las solicitudes que llegan por mes, si bien, se evidencio en los informes las solicitudes allegadas, las fechas de recepcion y los soportes de registro y entrega de cada respuesta, es pertinente para el cumplimiento de la formula del indicador, poder fortalecer con un registro lo indicado en el denominador, respecto al No. total de solicitudes ingresadas a la entidad. Respecto al indicador, ni en la descripcion de la actividad ni en los soportes se puede evidenciar cual es el asignación de las solicitudes de acceso a la información tal como lo especifica el indicador que fue definido para esta actividad. Finalmente, se asigna un 20% teniendo en cuenta que a la fecha 8 de mayo, no se encontro publicado en la pagina web, el informe del mes de abril | W11: 0.2 | X11: Durante el segundo cuatrimestre 2024, se recibieron 34 y se publicaron 21, asi: en abril 7, en mayo, en junio 4 y en julio 20 generando los informes mensuales de solicitudes de acceso a la información. Cabe resaltar que debido a que los reportes se realizan mes bencido, se adjunta tambien el informe de abril y el de agosto aun no se ha realizado De acuerdo a esto se recibieron y asignaron el 100% de las solicitudes, cumpliendo de esta manera un avance del 66,6% a corte de julio | Y11: Informes de solicitud de informacion | Z11: Informes publicados en la pagina web : https://www.ambientebogota.gov.co/es/web/transparencia/informe-de-pqrs Drive: https://drive.google.com/drive/u/3/folders/1Rf3TvKIf7qWF0TNq1tXW5ckBkWlMUfWx | AA11: El proceso reporta la recepción de 34 solicitudes de acceso a la información pública en los mese de abril a julio del 2024 . Se verifica generación y publicación del informe mensual de gestión de las solicitudes de acceso a la información de los meses enero, febrero, marzo, abril, mayo, junio y julio los cuales contienen copia de las respuestas dadas por la entidad y los tiempos de respuesta oportunos. | AB11: https://drive.google.com/drive/folders/1Mcaa1J4tN98NWaYc8qgE8lQiBaH171W9 | AC11: CUMPLIENDO | AD11: Cumplida | AE11: En atención a la meta e indicador establecidos e identificados como: Meta: Asignar el 100% de solicitudes de acceso a la información generadas por parte de la ciudadanía en la vigencia 2024 Indicador: Porcentaje de asignación de las solicitudes de acceso a la información Fórmula Indicador: (No. de solicitudes de acceso de información asignadas, con seguimiento y publicadas / No. total de solicitudes de acceso de información ingresadas a la entidad) x 100 Revisadas las evidencias, con relacion a los reportes publicados en la pagina web como "Informe de seguimiento a quejas y reclamos" se evidenciaron los reportes del cuatrimestre evaluado, no obstante una vez efectuado el reporte de primera y segunda linea se identifico lo siguiente: 1. en cuanto a primera linea, no es clara lo reportado donde indica: "(...) se recibieron 34 y se publicaron 21, asi: en abril 7, en mayo, en junio 4 y en julio 20 generando los informes mensuales de solicitudes de acceso a la información (...)" ya que la sumatoria no coincide y fueron tomados datos del mes de abril que no corresponde al cuatrimestre evaluado y no se consideraron los datos del mes de agosto que si pertenece al periodo evaluado. 2. Una vez revisados los reportes cargados en la pagina web, de acuerdo con el link reportado dentro de las evidencias, se observó que el numero real de solicitudes de acceso de informacion ingresadas a la entidad fueron 38, distribuidas asi: MAYO 3, JUNIO 4, JULIO 20 , AGOSTO 11. Por lo anterior, se sugiere realizar una revision detallada de los datos reportados, toda vez, que la información reportada genera incertidumbre de los datos reales allegados y asignados teniendo en cuenta que no fue posible identificar el cumplimiento de la meta definida. Respecto al indicador, ni en la descripcion de la actividad ni en los soportes se puede evidenciar cual es el asignación de las solicitudes de acceso a la información tal como lo especifica el indicador que fue definido para esta actividad. Revisados los reportes se asigna un 33%, por cumplimiento en la actividad | AF11: 0.66
C12: 1. MECANISMOS PARA LA TRANSPARENCIA Y ACCESO A LA INFORMACIÓN | D12: 1.3 Elaboración de instrumentos de gestión de información | E12: 1.3.1 | F12: Gestionar la aprobación de la Tabla de Retención Documental de la SDA ante el Archivo Distrital. | G12: 100% de actividades de gestión realizadas para la aprobación de la Tabla de Retención Documental de la SDA. | H12: Porcentaje de actividades de gestión realizadas para la aprobación de la Tabla de Retención Documental de la SDA. | I12: (No. de actividades de gestión realizadas para la aprobación de la Tabla de Retención Documental de la SDA / No. De actividades de gestión programadas para la aprobación de la Tabla de Retención Documental de la SDA) x 100 | J12: Actas de reunión Comunicaciones Correos electrónicos Acto administrativo | K12: Dirección de Gestión Corporativa / Gestión documental | L12: X | M12: X | N12: X | O12: El 12 de febrero delegados de la SDA- DGC asistieron a mesa de sustentación de TRD ante delegados del Consejo Distrital de Archivos. La conclusión obtenida al finalizar la sesión que tuvo una duración de 5 horas es la no obtención de la convalidación del instrumento archivístico en razón a que en la mayoría de las series documentales misionales, no se cuenta con: i) Fechas extremas de la documentación y ii) volumen documental, lo cual imposibilita al equipo evaluador del Consejo Distrital de Archivos, avalar la valoración secundaria. Se adjunta, invitación a mesa de sustentación de TRD y el concepto técnico de convalidación de TRD el cual fue recibido en la SDA el 5 de marzo de 2024 bajo radicado interno 2024ER52286. | P12: 0 | Q12: Se adjunta, invitación a mesa de sustentación de TRD y el concepto técnico de convalidación de TRD el cual fue recibido en la SDA el 5 de marzo de 2024 bajo radicado interno 2024ER52286. Documentos que reposan en el DRIVE del proceso de Gestión Documental. | R12: Se evidencia la gestión del proceso para lograr la convalidación de la Tabla de Retención Documental de la SDA ante el Archivo Distrital, mediante una mesa de sustentación de TRD ante los delegados del Consejo Distrital de Archivos cuyo propósito es la verificación de requisitos técnicos, solicitada por la SDA. Dicha mesa de sustentación se citó con radicado SDA 2024ER28491 del 2 de febrero de 2024 y radicado de Secretaria General 2-2024-4058 para el día 12 de febrero de 2024. Se evidencia realización de la mesa por la comunicación final emitida por el Director distrital de archivo de Bogotá con radicado SDA 2024ER52266 del 5 de marzo de 2023 y radicado Secretaria General 2-2024-7711, en la cual se determinó la no obtención de la convalidación, realizando la devolución del instrumento de archivo debido a que no cumple con la lista de requisitos técnicos que hagan viable su evaluación. Se adjunta acta de la reunión de la mesa de sustentación efectuada el 12 de febrero de 8am a 12m. | S12: Comunicaciones oficiales y evidencia de reunión https://drive.google.com/drive/u/0/folders/1bu_OGjEBphbCoJrSr3q2jiXDMqsK31M1 | T12: CUMPLIENDO | U12: Parcialmente | V12: En atención a la meta e indicador establecidos e identificados como: Meta: 100% de actividades de gestión realizadas para la aprobación de la Tabla de Retención Documental de la SDA. Indicador: Porcentaje de actividades de gestión realizadas para la aprobación de la Tabla de Retención Documental de la SDA. Fórmula Indicador: (No. de actividades de gestión realizadas para la aprobación de la Tabla de Retención Documental de la SDA / No. De actividades de gestión programadas para la aprobación de la Tabla de Retención Documental de la SDA) x 100 Revisadas las evidencias, se observo la gestion realizada por la SDA respecto a la solicitud de convalidación de la Tabla de Retención Documental -actualización 1, aprobada para el pasado 12 de febrero, de manera presencial , en la cual se dictamino devolucion por: i) Fechas extremas de la documentación y ii) volumen documental, lo cual imposibilita al equipo evaluador del Consejo Distrital de Archivos, avalar la valoración secundaria.; tal como lo reporto la primera linea de defensa. Si bien, se han realizado gestiones al interior de la entidad, con el fin de obtener la aprobacion de las TRD, se recomienda, tener presente que para la convalidacion de las tablas, tal como lo dice el acuerdo 04 de 2019 se debe tener las tablas de valoracion documentadas por tanto se deben abordar y verificar los criterios que identifico el comite y que no se estan cumpliendo, asi mismo, se sugiere, revisar la redaccion del indicador, toda vez que, ni en la descripcion ni en las evidencias se identifica cual es el Porcentaje de actividades de gestión realizadas como lo establece el indicador . | W12: 0.25 | X12: Teniendo en cuenta el radicado 2024ER52286, del 5 de marzo de 2024, en el que el Archivo Distrital de Bogotá se pronuncia sobre la presentación de las Tablas de Retención Documental de la Secretaría Distrital de Ambiente, oficio del ente rector con "Asunto: Devolución de la Tabla de Retención Documental - Actualización 2 de la SDA" cuyo resultado no es favorable, dado que no cumple con los requisitos mínimos para la revisión por parte del Consejo Distrital de Archivo, el equipo entrante de profesionales de Gestión Documental ha iniciado la revisión del oficio con el fin de subsanar las observaciones. Para el segundo cuatrimestre, la primera actividad consiste en la revisión de 117 fichas de valoración documental de las 21 dependencias de la SDA. El objetivo de esta revisión es validar las fechas extremas y la volumetría de cada serie y subserie que componen el cuadro de clasificación documental, ya que estas afectan directamente la Tabla de Retención Documental. | Y12: 0.1 | Z12: Se adjunta actas de reunión con el equipo profesional de Gestión Documental y fichas de valoración analizadas. | AA12: Se evidencia que el proceso gestiona lo pertienente para la convalidación de la Tabla de Retención Documental de la SDA , mediante dos mesas de trabajo internas en los meses de junio y julio donde revisan la metodologia para la revision de la informacion enviada por el archivo distrital , la verificacion de las fichas de valoracion documental de la TRD y el desarrollo de las mismas , en dichas mesas se fijan compromisos para la actualizaciones solicitadas. | AB12: https://drive.google.com/drive/folders/1Mcaa1J4tN98NWaYc8qgE8lQiBaH171W9 | AC12: CUMPLIENDO | AD12: Parcialmente | AE12: En atención a la meta e indicador establecidos e identificados como: Meta: 100% de actividades de gestión realizadas para la aprobación de la Tabla de Retención Documental de la SDA. Indicador: Porcentaje de actividades de gestión realizadas para la aprobación de la Tabla de Retención Documental de la SDA. Fórmula Indicador: (No. de actividades de gestión realizadas para la aprobación de la Tabla de Retención Documental de la SDA / No. De actividades de gestión programadas para la aprobación de la Tabla de Retención Documental de la SDA) x 100. Revisadas las evidencias se observaron 2 actas de reunion, el 16 de junio de 2024 y el 11 de julio de 2024 en las que se abordo la "Revisión de la respuesta dada por el Archivo Distrital de Bogotá, sobre la convalidación de las Tablas de Retención Documental – TRD de la Secretaria Distrital de Ambiente, presentada al Archivo Distrital de Bogotá", en cuanto a lo reportado por la primera linea de defensa asi: "Para el segundo cuatrimestre, la primera actividad consiste en la revisión de 117 fichas de valoración documental de las 21 dependencias de la SDA. (...)", al respecto, en las evidencias aportadas, solo se observo valoracion documental de 14 dependencias de las 21 existentes en la entidad. Lo anterior, no permite validar el cumplimiento de la formula del indicador, ps no es posible terminar el No. de actividades programadas, por cuanto no se evidencio un cronograma o programa de seguimiento en cuanto a la redaccion del indicador, se sugiere validarlo, toda vez que, ni en la descripcion ni en las evidencias se identifica cual es el Porcentaje de actividades de gestión realizadas como lo establece el indicador. Por regla de 3 se asigna el 12,61% considerando que de las 21 dependencias solo se validaron para el cuatrimestre 14 dependencias. (en el entendido de que es la unica actrividad programada, ya que no hay cronograma que permita ratificarlo) | AF12: 0.3761
C13: 1. MECANISMOS PARA LA TRANSPARENCIA Y ACCESO A LA INFORMACIÓN | D13: 1.3 Elaboración de instrumentos de gestión de información | E13: 1.3.2 | F13: Actualizar el esquema de publicación de información de la SDA, de acuerdo con la Resolución SDA No. 05466 de 2023 por medio de la cual se adopta el nuevo esquema de publicación de la SDA. | G13: 1 actualización trimestral del esquema de publicación de información de la SDA. | H13: Actualizaciones del esquema de publicación de la información de la SDA | I13: (No. de actualizaciones del esquema de publicación de la información / 4 actualizaciones de esquema de publicación programadas en la vigencia 2024) | J13: Esquema de publicación Actas de reunión | K13: Dirección de Planeación y sistemas de información ambiental / Gestión tecnológica | L13: X | M13: X | N13: X | O13: Se realizó una actualización del esquema de publicación de información de la SDA, de acuerdo con la Resolución SDA No. 05466 de 2023 y conforme a las necesidades y cambios de la entidad. | P13: =1/3 -> 0.33333333 | Q13: https://drive.google.com/drive/u/0/folders/1qMonViju3v-H8sYbW4sLvMPrGzohtqAS | R13: Se evidencia 1 de 4 actualizaciones del esquema de publicación de la información realizada el 6 de marzo de 2024. Se evidencia en el esquema actualización en los items de organigrama, ejecución presupuestal, proyectos de inversion, plan de acción institucional, informes de control interno, entre otros, y publicado en https://www.ambientebogota.gov.co/es/web/transparencia/esquema-de-publicacion-de-informacion | S13: Captura de publicación y esquema https://drive.google.com/drive/u/0/folders/1qMonViju3v-H8sYbW4sLvMPrGzohtqAS | T13: CUMPLIENDO | U13: Parcialmente | V13: En atención a la meta e indicador establecidos e identificados como: Meta: 1 actualización trimestral del esquema de publicación de información de la SDA Indicador: Actualizaciones del esquema de publicación de la información de la SDA Fórmula Indicador: (No. de actualizaciones del esquema de publicación de la información / 4 actualizaciones de esquema de publicación programadas en la vigencia 2024) Una vez efectuada la revision de las evidencias cargadas, se observo el documento en excel denominado "esquema de publicación" el cual cuenta con un unico reporte de la vigencia 2024, en la columna E denominada "Fecha de generación de la información" correspondiente a la actualizacion del perfil de la secretaria de ambiente Adriana Soto, no obstante, llama la atencion que, segun la columna F denominada "Frecuencia de actualización", existen actualizaciones que deben realizarse de manera mensual, las cuales al validar y cotejar segun el reporte de II Linea de defensa, estos no se encuentran actualizados asi: 1. para el caso de la ejecución presupuestal, los proyectos de inversion, y los planes de acción institucional se encuentran cargados hasta el IV Trimestre de 2023 y 2. en los Informes trimestrales sobre acceso a información, quejas y reclamos, se observo el "Informe de seguimiento a quejas y reclamos" unicamente de los meses de enero y febrero, es decir, tambien se encuentra desactualizado. Asi mismo, al verificar la captura de pantalla "actualizacion esquema publicacion" esta no permite identificar los ajustes realizados, sino unicamente un detalle del documento, que indica una modificacion el 6 de marzo de 2024. Por lo anterior, se recomienda dar cumpliento a lo indicado en la Resolución No. 05466 de la SDA, si bien en su articulo 5 item b) que cita: "Todas las dependencias de la Secretaría Distrital de Ambiente, tendrán las siguientes responsabilidades frente a los ítems a su cargo, registrados en el Esquema de Publicación de Información: b) Cumplir con las fechas de publicación de la información y con la frecuencia de su actualización, con el fin de garantizar su disponibilidad. Para los casos en los que dicha informacion es suministrada por otras dependencias, se sugiere generar alertas a las mismas, previas a las fechas de vencimiento y evitar incumplimientos. Se asigna el 11% por regla de 3, solo cumplio 2 actividades de las 6 programadas en el "esquema de publicacion" | W13: 0.11 | X13: Se realizó una actualización del esquema de publicación de información de la SDA, de acuerdo con la Resolución SDA No. 05466 de 2023 y conforme a las necesidades y cambios de la entidad. | Z13: https://drive.google.com/drive/folders/1kHe-gfLVPzhr8dnHixjcLcvmUNo9qRaZ?usp=drive_link | AA13: Se evidencia la segunda actualizacion de 4 , del esquema de publicación de la información realizada el 15 de julio de 2024. Se evidencia la actualizacion publicada en el link : https://www.ambientebogota.gov.co/es/web/transparencia/esquema-de-publicacion-de-informacion | AB13: https://drive.google.com/drive/folders/1Mcaa1J4tN98NWaYc8qgE8lQiBaH171W9 | AC13: CUMPLIENDO | AD13: Cumplida | AE13: En atención a la meta e indicador establecidos e identificados como: Meta: 1 actualización trimestral del esquema de publicación de información de la SDA Indicador: Actualizaciones del esquema de publicación de la información de la SDA Fórmula Indicador: (No. de actualizaciones del esquema de publicación de la información / 4 actualizaciones de esquema de publicación programadas en la vigencia 2024) Una vez revisado el reporte en excel denominado "esquema de publicacion" , se observaron las actualizaciones realizadas segun su frecuencia durante el periodo evaluado, no obstante, es necesario que el proceso aclare a que hace referencia la columna E "Fecha de generación de la información" ya que las fechas indicadas no coinciden con los ajustes realizados en la pagina web, ej: para el numeral 4.2 ejecucion presupuestal, el reporte indica en dicha columna el mes de junio de 2023, no obstante al validar el link de actualizacion, este demuestra que en la web, esta cargada la informacion presupuestal hasta agosto de 2024, generando confusion en la informacion reportada. Asi mismo, se observó la realizacion de 9 actualizaciones durante el periodo evaluado, no obstante, en cuanto a la formula del indicador, se recomienda al proceso considerar que de las 4 actualizaciones programadas para la vigencia 2024, a la verificacion de cumplimiento de 2 cuatrimestre de la vigencia solo se ha realizado 2 actualizaciones y queda 1 cuatrimestre para llevar a cabo las 2 pendientes programadas y dar cumplimiento a la meta | AF13: 0.44
C14: 1. MECANISMOS PARA LA TRANSPARENCIA Y ACCESO A LA INFORMACIÓN | D14: 1.3 Elaboración de instrumentos de gestión de información | E14: 1.3.3 | F14: Expedir el acto administrativo por el cual se establecen los costos de reproducción de la información pública solicitada por particulares a la Secretaría Distrital de Ambiente para la vigencia 2024 | G14: 1 acto administrativo de costos de reproducción de la información pública | H14: Porcentaje de elaboración del acto administrativo de costos de reproducción de la información pública | I14: (# de acto administrativo expedido y publicado / 1) * 100 | J14: Acto administrativo Publicación web Comunicaciones | K14: Subdirección Financiera / Gestión financiera | L14: X | O14: En febrero de 2024 la SF proyecto y traslado a la DLA la información necesaria para expedir el acto administrativo por el cual se establecen los costos de reproducción de la información pública solicitada por particulares a la Secretaría Distrital de Ambiente para la vigencia 2024 Luego de todas las revisiones la Secretaria del Despacho aprobó y firmó la Resolución SDA 00668 “Por la cual se establecen los costos de reproducción y fotocopiado de la información de carácter público que reposa en la Secretaría Distrital de Ambiente.” | P14: 1 | Q14: Comunicado Oficial Externo 2024EE71737 Proceso Forest 6171424 | R14: Con Resolución SDA No. 00668 del 3 de abril de 2024, radicado 2024EE71737 “Por la cual se establecen los costos de reproducción y fotocopiado de la información de carácter público que reposa en la Secretaría Distrital de Ambiente. Se evidencia publicación del acto administrativo en la sede electrónica de la página web en https://www.ambientebogota.gov.co/documents/893475/948558/1.3.4+Resoluci%C3%B3n+486+de+2023+-+Costos+de+reproducci%C3%B3n+y+fotocopiado.pdf/ff854142-a1fe-4679-b1fa-5f94266a379d | S14: Resolución y publicación https://drive.google.com/drive/u/0/folders/1MU1WsTPoblfa3hZAlFZrCOJ_Vu_zmGPC | T14: CUMPLIDA | U14: Cumplida | V14: En atención a la meta e indicador establecidos e identificados como: Meta: 1 acto administrativo de costos de reproducción de la información pública Indicador: Porcentaje de elaboración del acto administrativo de costos de reproducción de la información pública Fórmula Indicador: Porcentaje de elaboración del acto administrativo de costos de reproducción de la información pública Revisadas las evidencias, se observo la Resolución No. 00668, socializada mediante radicado Forest Nº 2024EE71737 del 3 de abril de 2024, no obstante, la evidencia de la publicacion de la resolucion en la web no corresponde a la vigencia 2024, por el contrario es la resolucion del 2023. al revisar la evidencia aportada por la 2 linea no muestra la ruta de publicacion, sino solamente el pdf. Por lo tanto al validar en la pagina web, se evidencio que a la fecha 8 de mayo de 2024, la Resolución No. 00668, NO se encuentra publicada, por lo tanto se recomienda realizar su publicacion a la mayor brevedad. Respecto al indicador y a la formula del indicador se sugiere revisar, toda vez que no es objetivo, no obstante, la actividad ya se encuentra cumplida | W14: 1 | X14: CUMPLIDA | Y14: CUMPLIDA | Z14: CUMPLIDA | AA14: CUMPLIDA | AB14: CUMPLIDA | AC14: CUMPLIDA | AD14: Cumplida | AE14: En atención a la meta e indicador establecidos e identificados como: Meta: 1 acto administrativo de costos de reproducción de la información pública Indicador: Porcentaje de elaboración del acto administrativo de costos de reproducción de la información pública Fórmula Indicador: Porcentaje de elaboración del acto administrativo de costos de reproducción de la información pública ACCION CUMPLIDA DESDE EL PRIMER CUATRIMESTRE | AF14: 1
C15: 1. MECANISMOS PARA LA TRANSPARENCIA Y ACCESO A LA INFORMACIÓN | D15: 1.3 Elaboración de instrumentos de gestión de información | E15: 1.3.4 | F15: Actualizar el Programa de Gestión Documental el cual debe estar alineado al PINAR | G15: Programa de Gestión Documental actualizado y aprobado | H15: PGD actualizado | I15: 1 Programa de Gestión Documental aprobado | J15: Programa de Gestión Documental Acta del Comité Institucional de Gestión y Desempeño a través del cual se aprobó el PGD | K15: Dirección de Gestión Corporativa / Gestión documental | M15: X | N15: X | O15: En el primer trimestre del año 2024, frente a este ítem, se realizó la actualización del Programa de Gestión Documental de la SDA, de acuerdo a los referentes técnicos y legales emitidos por el Archivo General de la Nación y el Archivo de Bogotá. Acorde a lo anterior, se inicia con el proceso de actualización del PGD el 12 de enero del corriente, realizando una primera reunión con para establecer pautas a seguir; posteriormente se realiza un análisis de la situación actual de la gestión documental y archivos de la entidad, y las prioridades a tener en cuenta; en este sentido se elabora un primer borrador del documento, el cual se presenta al grupo de profesionales por medio de una reunión realizada el 17 de enero; en fechas posteriores se remiten correos electrónicos indicando avances. Continuando con el proceso de actualización del PGD, y consientes del carácter transdisciplinario y holístico de este documento, para el mes de febrero se solicitan documentos relativos a los procesos tecnológicos llevados en la entidad, por lo cual se establecen conversaciones con el área de Planeación y Sistemas de Información Ambiental – DPSIA, para lo cual el ingeniero Frederick Ferro, amablemente da indicaciones relativas el Plan Institucional de Tecnologías de Información PETI y documentos adicionales vinculados al plan de acción en cuanto proyectos de tecnología que incorporan temas de gestión documental. Finalmente, teniendo en cuenta procesos coyunturales de cambio de administración, el mes de marzo de consolida borrado preliminar del PGD, adicionalmente se elabora una presentación en powert point, un borrador de acto administrativo (resolución), por medio de la cual se adoptaría el PGD en la entidad; los documentos mencionados, se envían el 21 de marzo por solicitud del área de planeación. En una última acción, el 16 de abril se presenta el PGD versión final y sus anexos al grupo de profesionales, los cuales solicitan unos ajustes de forma (ya realizados) y un ajuste específico sobre el presupuesto a tener en cuenta (en proceso de ajuste), y se espera tener una reunión con la directora del área para su sustentación previa a su aprobación por parte del Comité Institucional de Gestión y Desempeño. Nota. Es importante tener en cuenta los programas específicos ya aprobados, que deben ser parte de los anexos del PGD. | P15: En cuanto al porcentaje, podemos hablar de un 90%, puesto que hace falta la presentación a los directivos y la aprobación del PGD | Q15: Listado de evidencias del PGD 20240112_Agenda_PGD 20240115_Correo de Secretaria Distrital de Ambiente - Avance PGD 2024 20240117_Acta_reunión_actualización_PGD 20240117_Agenda_revisión_PGD_1 20240117_Agenda_revisión_PGD_2 20240118_Correo de Secretaria Distrital de Ambiente - Avance PGD 20240119_Correo de Secretaria Distrital de Ambiente - Borrador PGD 20240208_Correo de Secretaria Distrital de Ambiente - Solicitud información para la formulación del PGD 20240216_Informe de asistencia de Socialización_PGD_2024 20240221_Correo de Secretaria Distrital de Ambiente - Evidencia PGD 2024 20240316_Presentación_PGD_2024 20240321_Correo de Secretaria Distrital de Ambiente - SOLICITUD DE PGD 20240321_Proyecto_resolución_PGD_2024 20240416_Acta_reunión_socialización_PGD 20240416_Socialización_PGD_2024_Video 20240417_Matriz_seguimiento_PGD_2024_revisión 20240417_PGD_2024_Final_revisión https://drive.google.com/drive/folders/1au_PiPiUuM-bRvXSxYeTKnCfNowh-vaE | R15: Si bien esta acción esta programada para el segundo y tercer cuatrimestre. El proceso reporta avances para actualizar el Programa de gestión documental mediante reuniones de trabajo, la proyección de la Resolución SDA y la actualización del documento Programa de Gestión Documental, el cual fue socializado el 16 de abril en el equipo de gestión documental de la DGC. Se esta pendiente de la revisión y validación final por parte de la Directora de Gestión Corporativa para llevar al Comité Institucional de Gestión y Desempeño para su aprobación y adopción. | S15: Actas de reunión, correos, proyecto de Resolución y documento propuesto PGD_2024 https://drive.google.com/drive/u/0/folders/1II86nShf8Mu95C84fpvpwKNHAoLiEQQE | T15: CUMPLIENDO | U15: No Programada en el Periodo | V15: En atención a la meta e indicador establecidos e identificados como: Meta: Programa de Gestión Documental actualizado y aprobado Indicador: PGD actualizado Fórmula Indicador: 1 Programa de Gestión Documental aprobado Revisadas las evidencias, se observaron las acciones realizadas con el fin de cumplir la meta, teniendo en cuenta que esta actividad no esta programada para el 1 cuatrimestre, se hizo validacion y verificacion de las evidencias, no obstante, no se determinara porcentaje de avance ni reporte en el informe final. Se recomienda contemplar par la ultima revision, que el PGD se encuentre alineado con el PINAR, tal como lo menciona la actividad | W15: 0 | X15: "Teniendo en cuenta el proceso de cambio de administración y, por ende, el equipo de profesionales de Gestión Documental, se adelanta una verificación del borrador del Programa de Gestión Documental entregado por la anterior administración, con el fin de garantizar su alineación con los 8 procesos de la gestión documental y con los planes estratégicos institucionales, en este caso, el Plan Institucional de Archivos (PINAR). Para ello, se debe realizar un análisis de los 5 componentes del instrumento, los cuales se abordarán de forma paulatina y en un tiempo prudente, con el objetivo de entregar el documento final y su respectiva aprobación por el Comité Institucional de Gestión y Desempeño. " | Y15: 0.9 | Z15: Se adjunta acta de reunión con el equipo de Gestión Documental, donde se define la metodología para la revisión del Programa de Gestión Documental | AA15: El proceso reporta avances para actualizar el Programa de gestión documental medianteuna mesa de trabajo realizada en el mes de julio,donde se habla sobre la metodologia para la revision del programa de Gestion Documental (PGD) y la verificacion de alineacion frente al plan Institucional de Archivos (PINAR). | AB15: https://drive.google.com/drive/folders/1Mcaa1J4tN98NWaYc8qgE8lQiBaH171W9 | AC15: CUMPLIDA | AD15: No Cumplida | AE15: En atención a la meta e indicador establecidos e identificados como: Meta: Programa de Gestión Documental actualizado y aprobado Indicador: PGD actualizado Fórmula Indicador: 1 Programa de Gestión Documental aprobado Revisadas las evidencias, se observo acta de reunion a "Revisión de la propuesta del Programa de Gestión Documental (PGD) para la Secretaria Distrital de Ambiente, equipo de Gestión Documental" del 15 de julio de 2024. Si bien, se observaron gestiones relacionadas con la Metodología para la revisión del programa de Gestión Documental (PGD) y la Verificación de alineación frente al Plan Institucional de Archivos (PINAR) se sugiere seguimiento a comprmisos. Teniendo en cuenta que tanto la meta, como el indicador y la formula del mismo tiene definido un documento aprobado, a la fecha no se observa aprobacion del mismo por tanto su avance es 0%, se sugiere considerar que a lo corrido del año, solo resta un cuatrimestre para dar cumplimiento a la actividad, por tanto se recomienda generar tableros de control y alertas que permitan dar un constante seguimiento a esta actividad y garantizar su cumplimiento | AF15: 0
C16: 1. MECANISMOS PARA LA TRANSPARENCIA Y ACCESO A LA INFORMACIÓN | D16: 1.4 Criterio diferencial de accesibilidad | E16: 1.4.1 | F16: Realizar una evaluación de los criterios de cumplimiento de accesibilidad, aplicando la herramienta "evaluación de accesibilidad web" para identificar cuales se pueden cumplir a corto, mediano o largo plazo, o cuales no es posible su cumplimiento con el CMS actual, priorizando su aplicación. | G16: Una evaluación de los criterios de accesibilidad web | H16: Porcentaje de avance de la evaluación sobre los criterios de accesibilidad web | I16: (No. de acciones realizadas para la evaluación sobre los criterios de accesibilidad web / No. de acciones programadas para la evaluación sobre los criterios de accesibilidad web) * 100 | J16: Comunicaciones, informes o documentos de soporte de los criterios gestionados | K16: Dirección de Planeación y sistemas de información ambiental / Gestión tecnológica | M16: X | N16: X | O16: Acción programada para el segundo y tercer cuatrimestre | R16: Acción programada para el segundo y tercer cuatrimestre | S16: No aplica | T16: PROGRAMADA | U16: No Programada en el Periodo | V16: En atención a la meta e indicador establecidos e identificados como: Meta: Una evaluación de los criterios de accesibilidad web Indicador: Porcentaje de avance de la evaluación sobre los criterios de accesibilidad web Fórmula Indicador: (No. de acciones realizadas para la evaluación sobre los criterios de accesibilidad web / No. de acciones programadas para la evaluación sobre los criterios de accesibilidad web) * 100 Esta actividad no se encuentra programada para este periodo. | W16: 0 | X16: Se realizó una evaluación de 71 de 96 criterios de cumplimiento de accesibilidad, aplicando la herramienta "evaluación de accesibilidad web" para identificar cuales se pueden cumplir a corto, mediano o largo plazo, o cuales no es posible su cumplimiento con el CMS actual, priorizando su aplicación | Y16: 71 de 96 criterios de cumplimiento de accesibilidad evaluados | Z16: https://drive.google.com/drive/folders/1kuohVu-Xd6du-vQXyoIVx2eokrHgEp2W?usp=sharing | AA16: El proceso reporta la evaluacion de criterios de cumplimiento de accesibilidad, para identificar cuales se pueden cumplir a corto, mediano o largo plazo, o cuales no es posible su cumplimiento con el CMS actual, priorizando su aplicación. | AB16: https://drive.google.com/drive/folders/1Mcaa1J4tN98NWaYc8qgE8lQiBaH171W9 | AC16: CUMPLIENDO | AD16: Parcialmente | AE16: En atención a la meta e indicador establecidos e identificados como: Meta: Una evaluación de los criterios de accesibilidad web Indicador: Porcentaje de avance de la evaluación sobre los criterios de accesibilidad web Fórmula Indicador: (No. de acciones realizadas para la evaluación sobre los criterios de accesibilidad web / No. de acciones programadas para la evaluación sobre los criterios de accesibilidad web) * 100 La evidencia reportada no permite verificar cuales acciones fueron relaizadas para la evaluacion sobre criterios de accesibilidad ni cual fue el numero de acciones programadas para las mismas, Con relacion a la meta donde menciona de manera global los criterios de accesibilidad web y segun lo reportado por el proceso,la evaluacion fue realizada sobre 71 de los 96 "criterios de cumplimiento de accesibilidad una "evaluación de accesibilidad web" para identificar cuales se pueden cumplir a corto, mediano o largo plazo, o cuales no es posible su cumplimiento con el CMS actual, priorizando su aplicación". Por regla de 3 se asigna cumplimiento de 73% No obstante, Se sugiere revisar la redaccion del indicador y la formula del indicador, toda vez que no existe un documento que permita verificar y/o determinar cuales son las acciones programadas para la evaluación sobre los criterios de accesibilidad web. | AF16: 0.73
C17: 1. MECANISMOS PARA LA TRANSPARENCIA Y ACCESO A LA INFORMACIÓN | D17: 1.4 Criterio diferencial de accesibilidad | E17: 1.4.2 | F17: Realizar capacitaciones o sensibilizaciones sobre producción documental con criterios de accesibilidad, lenguaje claro y enfoque diferencial, a fin de ser publicados en la sede electrónica de la SDA, según la Resolución Mintic No. 1519 de 2020. | G17: 2 capacitaciones con las dependencias de la SDA | H17: Capacitaciones sobre la producción y publicación de documentos accesibles en la sede electronica de la SDA, conforme la Resolución 1519 de 2020 | I17: N° de capacitaciones realizadas / N° de capacitaciones programadas. | J17: Presentaciones, convocatoria y listados de asistencia de Capacitaciones | K17: Oficina asesora de comunicaciones / Comunicaciones | M17: X | N17: X | O17: Acción programada para el segundo y tercer cuatrimestre | R17: Acción programada para el segundo y tercer cuatrimestre | S17: No aplica | T17: PROGRAMADA | U17: No Programada en el Periodo | V17: En atención a la meta e indicador establecidos e identificados como: Meta: 2 capacitaciones con las dependencias de la SDA Indicador: Capacitaciones sobre la producción y publicación de documentos accesibles en la sede electronica de la SDA, conforme la Resolución 1519 de 2020 Fórmula Indicador: N° de capacitaciones realizadas / N° de capacitaciones programadas. Esta actividad no se encuentra programada para este periodo. | W17: 0 | X17: Esta actividad está programada para el tercer cuatrimestre de 2024. | Y17: 0 | AA17: El proceso no reporta acciones en esta actividad, se recomienda la puesta en marcha en este ultimo cuatrimestre. | AC17: NO CUMPLIDA | AD17: No Cumplida | AE17: En atención a la meta e indicador establecidos e identificados como: Meta: 2 capacitaciones con las dependencias de la SDA Indicador: Capacitaciones sobre la producción y publicación de documentos accesibles en la sede electronica de la SDA, conforme la Resolución 1519 de 2020 Fórmula Indicador: N° de capacitaciones realizadas / N° de capacitaciones programadas. Se observo que esta actividad si se encontraba programada para este cuatrimestre, no obstante, el proceso indico que no se encontraba programada y por tanto no realizo reporte ni relaciono evidencia relacionada. Con relacion a la formula del indicador que menciona Numero de capacitaciones programadas, las cuales a la fecha se desconocen, se recomienda generar alertas de cumplimiento entendiendo que solo queda un cuatrimestre de la vigencia y a la fecha no se observan avances. | AF17: 0
C18: 1. MECANISMOS PARA LA TRANSPARENCIA Y ACCESO A LA INFORMACIÓN | D18: 1.4Criterio diferencial de accesibilidad | E18: 1.4.3 | F18: Hacer seguimiento a las directrices de accesibilidad web faltantes en la SDA, conforme a lo establecido en la Resolución 1519 de 2020 y el plan de trabajo interno incluyendo leguaje de señas y lenguas indigenas. | G18: 3 mesas de trabajo con directrices de accesibilidad | H18: Porcentaje de sesiones propuestas/ realizadas | I18: (No. De mesas de trabajo realizadas / 3 mesas de trabajo)*100 | J18: actas , memorandos | K18: Subsecretaria General / Política de Transparencia | L18: x | M18: x | N18: x | O18: Durante el primer trimestre del 2024 se realiza mesa de trabajo jutno con la oficina de atencion al ciudadano donde se revisa que mas se ha implementado en cuanto accesibiliad, revisando la resolucion 1519 del 2020 . | P18: =1/3 -> 0.33333333 | R18: El proceso repota la realización de 1 de las 3 mesas de trabajo programadas para hacer seguimiento a las directrices de accesibilidad web faltantes en la SDA. Esta mesa de trabajo se realizó con el grupo de servicio a la ciudadanía el 27 de febrero donde se revisó la Resolución 1519 del 2020 y las actividades realizadas por parte de servicio a la ciudadanía en cuanto a accesibilidad, en la cual quedaron varios compromisos para el 30 de marzo de 2024, de los cuales no se cuenta con información reportada por la primera línea. Se verificarán en el proximo monitoreo. | S18: Acta de reunión y matriz de seguimiento https://drive.google.com/drive/u/0/folders/1dGoBgW12A4Mr742PLVEYXcOLsCB9GImZ | T18: CUMPLIENDO | U18: Cumplida | V18: En atención a la meta e indicador establecidos e identificados como: Meta: 3 mesas de trabajo con directrices de accesibilidad Indicador: Porcentaje de sesiones propuestas/ realizadas Fórmula Indicador: (No. De mesas de trabajo realizadas / 3 mesas de trabajo)*100 Una vez, efectuada la revision de las evidencias, se observo mesa de trabajo del 27 de febrero de 2024, donde se abordaron los temas de: 1.Revisión resolución 1519 del 2020 y 2. Revisión de actividades realizadas por parte de atención al ciudadano en cuanto accesibilidad. No obstante, se sugiere para proximo monitoreo, cargar dentro de las evidencias la version final del acta reunion toda vez que se encuentra en formato word y el listado de asistencia no se encuentra diligenciado. En cuanto a la actividad, revisada el acta de reunion y el archivo de excel "excel seguimiento MESA DE TRABAJO ACCESIBILIDAD" correspondiente a las ideas abordadas durante la reunion, no se observo, que se abordara la revision o inclusion del lenguaje indigena, por tanto se recomienda dar seguimiento y cumplimiento a los compromisos reportados e incluir en los temas de revision de las mesas de trabajo las lenguas indigenas | W18: 0.33 | X18: Durante el segundo cuatrimestre se realiza una mesa de trabajo junto con el equipo de atencion al ciudadano, para analizar las directrices de accesibilidad, los indices que nos miden como entidad en cuanto accesibilidad y lo establecido en la ley 1519 del 2020. Asi mismo se hace referencia al lenguaje de señas. | Y18: 0.66 | AA18: El proceso repota la Segunda mesa de trabajo de las 3 programadas para hacer seguimiento a las directrices de accesibilidad web faltantes en la SDA. Esta mesa de trabajo se realizó con el grupo de servicio a la ciudadanía el 11 de julio. donde se Hace seguimiento a las directrices de accesibilidad web faltantes en la SDA, conforme a lo establecido en la Resolución 1519 de 2020 y el plan de trabajo interno incluyendo lenguaje de señas y lenguas indígenas,se revisa el indice distrital de servicio al ciudadano y los espacios fisicos de accesibiliad que ofrece la entidad. | AB18: https://drive.google.com/drive/folders/1Mcaa1J4tN98NWaYc8qgE8lQiBaH171W9 | AC18: CUMPLIENDO | AD18: Cumplida | AE18: En atención a la meta e indicador establecidos e identificados como: Meta: 3 mesas de trabajo con directrices de accesibilidad Indicador: Porcentaje de sesiones propuestas/ realizadas Fórmula Indicador: (No. De mesas de trabajo realizadas / 3 mesas de trabajo)*100 Una vez efectuada la revision de la evidencia, se observò documento en word de acta de reunion realizada el 11 de julio de 2024, en la cual se abordaron los siguientes temas: "Índice distrital de servicio al ciudadano, Espacios físicos de accesibilidad al usuario, Lenguaje de señas" , de acuerdo con la actividad, no se observa inclusion en los temas abordados de las lenguas indigenas. Por tanto se sugiere considerarla para el ultimo cuatrimestre de la vigencia. Asi mismo se sugiere cargar en las evidencias las versiones finales ya que la cargada es editable y el listado de asistencia no esta completamente diligenciado. | AF18: 0.66
C19: 1. MECANISMOS PARA LA TRANSPARENCIA Y ACCESO A LA INFORMACIÓN | D19: 1.5 Monitoreo de Acceso a la Información Pública | E19: 1.5.1 | F19: Realizar seguimiento al cumplimiento de la Resolución 1519 de 2020 "Estandares publicación sede electrónica y web" con la matriz de la Procuraduria. | G19: Dos (2) seguimientos al cumplimiento de la Resolución 1519 de 2020 | H19: Seguimiento realizados al cumplimiento de la Resolución 1519 de 2020 | I19: No. de seguimiento realizados a la Resolución 1519 de 2020 / 2 seguimiento programados a la Resolución ) x 100 | J19: Matriz de seguimiento del ITA (Procuraduria) Actas de reuniones Memorandos, ticket en la mesa de servicios | K19: Subsecretaria General / Política de Transparencia | L19: X | M19: X | O19: Durante el primer trimestre del 2024 se realiza seguimiento a la matriz Ita,realizando las solicituddes pertinenetes a las diferentes areas en pro de mejorar y obtener mejores resultados. | P19: =1/2 -> 0.5 | R19: El proceso reporta 1 de los 2 seguimientos programados al cumplimiento de la Resolución 1519 de 2020, se evidencia comunicaciones oficiales a través de memorando y de correos sobre el seguimiento y alertamiento de información para cumplir con lo dispuesto, se evidencia matriz de seguimiento ITA y resultado del ITA 2022-2023, como línea base para el seguimiento. | S19: Comunicaciones oficiales,matriz de seguimiento, resultado ITA https://drive.google.com/drive/u/0/folders/1D8PJDwmkrb5bE-0TNzYvh2rkXnPMGk4U | T19: CUMPLIENDO | U19: Cumplida | V19: En atención a la meta e indicador establecidos e identificados como: Meta: Dos (2) seguimientos al cumplimiento de la Resolución 1519 de 2020 Indicador: Seguimiento realizados al cumplimiento de la Resolución 1519 de 2020 Fórmula Indicador: No. de seguimiento realizados a la Resolución 1519 de 2020 / 2 seguimiento programados a la Resolución ) x 100 Una vez se efectuo la revision de las evidencias aportadas, se observo 1 seguimiento a la matriz ITA y gestiones de seguimiento, frente al cumplimiento de la resolucion 1519. | W19: 0.5 | X19: Durante el segundo cuatrimestre del 2024, se realiza el seguimiento a la matriz Ita en cada uno de sus componentes para llevar a cabo la presentacion del indice ante la procuraduria , el cual es presentado el dia 30 de julio. | Y19: 1 | AA19: El proceso reporta un segundo seguimiento a la matriz Ita, donde se reflejan los ajustes necesarios, asi mismo el proceso reporta la presentacion del ITA en el mes de Julio en la plataforma suminsitrada por la procuraduria, donde se evidencia un nivel de cumplimiento de 98/100, se aconseja seguir realizando el seguimiento , y velar por que el menu participa sea mas robusto , implementando mas temas de innovacion y asi mismo velar porque se puedan llevar a cabo el cumplimiento del 100% de los certificados de cumplimiento de los criterios de accesibilidad, se evidencia tambien que se actualizan los certificados que actualmente esta cumpliendo la SDA. | AB19: https://drive.google.com/drive/folders/1Mcaa1J4tN98NWaYc8qgE8lQiBaH171W9 | AC19: CUMPLIENDO | AD19: Cumplida | AE19: En atención a la meta e indicador establecidos e identificados como: Meta: Dos (2) seguimientos al cumplimiento de la Resolución 1519 de 2020 Indicador: Seguimiento realizados al cumplimiento de la Resolución 1519 de 2020 Fórmula Indicador: No. de seguimiento realizados a la Resolución 1519 de 2020 / 2 seguimiento programados a la Resolución ) x 100 Por cuanto la actividad es seguimiento realizados, se observa cumplimiento de la meta asi mismo, reiteramos la recomendacion de segunda linea de defensa en cuanto a : "se aconseja seguir realizando el seguimiento , y velar por que el menu participa sea mas robusto , implementando mas temas de innovacion y asi mismo velar porque se puedan llevar a cabo el cumplimiento del 100% de los certificados de cumplimiento de los criterios de accesibilidad, se evidencia tambien que se actualizan los certificados que actualmente esta cumpliendo la SDA." | AF19: 1
C20: 1. MECANISMOS PARA LA TRANSPARENCIA Y ACCESO A LA INFORMACIÓN | D20: 1.5 Monitoreo de Acceso a la Información Pública | E20: 1.5.2 | F20: Realizar seguimiento al cumplimiento del esquema de publicación de la SDA conforme a la Resolución SDA No. 05466 de 2023 | G20: Un (1) seguimiento bimensual al esquema de publicación de la SDA | H20: Seguimientos realizados al cumplimiento del esquema de publicación de la SDA | I20: No. de seguimiento realizados a la ejecución del esquema / 6 seguimientos realizados a la ejecución del esquema ) x 100 | J20: Actas de reuniones Memorandos | K20: Subsecretaria General / Política de Transparencia | L20: X | M20: X | N20: X | O20: Durante el primer trimestre del 2024 se realiza seguimiento al esquema de publicacion conforme a la resolucion actual, realizando las solicitudes pertinentes para mejorar el debido cumplimiento al esquema. | P20: 0.33333333 | R20: El proceso reporta 2 de los 6 seguimientos bimensuales programados del esquema de publicación de la SDA. Se evidencia matriz de seguimiento al esquema de publicaciones de la SDA, según Resolución SDA No. 05466 de 2022, con las observaciones al respecto de cada ítem y la gestión para su actualización a través de comunicaciones oficiales a los responsables productores de la información y su gestión para la publicación. | S20: Matriz de seguimiento y comunicaciones https://drive.google.com/drive/folders/1_FIMnks1ef1my5fPEDixCG6H_6JJPhGf | T20: CUMPLIENDO | U20: Cumplida | V20: En atención a la meta e indicador establecidos e identificados como: Meta: Un (1) seguimiento bimensual al esquema de publicación de la SDA Indicador: Seguimientos realizados al cumplimiento del esquema de publicación de la SDA Fórmula Indicador: No. de seguimiento realizados a la ejecución del esquema / 6 seguimientos realizados a la ejecución del esquema ) x 100 Al respecto, se observo 2 seguimientos correspondientes a lo definido en la meta en cuanto al esquema de publicacion de la SDA segun la resolucion 95466 de 2022 y el seguimiento y observaciones identificadas en cada item, no obstante, no se observo un documento que permita la verificacion la formula del indicador respecto al denominador toda vez que no es posible identificar actividades o soportes que den cumplimiento a los 6 seguimientos realizados ni a los seguimientos del indicador | W20: 0.33 | X20: Se realiza el seguimiento al esquema de publicacion bimensual | Y20: 0.66 | AA20: El proceso reporta el seguimiento bimensual del esquema de publicacion , donde presenta esquemas del mes de junio y agosto, donde quedan reflejadas las recomendaciones para la mejora del mismo, y su actualizacion constante. | AB20: https://drive.google.com/drive/folders/1Mcaa1J4tN98NWaYc8qgE8lQiBaH171W9 | AC20: CUMPLIENDO | AD20: Parcialmente | AE20: En atención a la meta e indicador establecidos e identificados como: Meta: Un (1) seguimiento bimensual al esquema de publicación de la SDA Indicador: Seguimientos realizados al cumplimiento del esquema de publicación de la SDA Fórmula Indicador: No. de seguimiento realizados a la ejecución del esquema / 6 seguimientos realizados a la ejecución del esquema ) x 100 Una vez revisadas las evidencias, se observo un reporte en excel denominado "1.5.2 Esquema de publicación_rev_22_08_2024" el cual solo presenta la columna "J" como "Seguimiento agosto" y sus respectivas observaciones, no obstante, de acuerdo con la meta, no fue posible verificar el seguimiento correspondiente al mes de junio. | AF20: 0.5
C21: 1. MECANISMOS PARA LA TRANSPARENCIA Y ACCESO A LA INFORMACIÓN | D21: 1.5 Monitoreo de Acceso a la Información Pública | E21: 1.5.3 | F21: Realizar seguimiento al Cumplimiento de la Ley 1712 de 2014 - Transparencia y Derecho de Acceso a la Información Pública Nacional. | G21: Un (1) informe de seguimiento emitido y publicado en la página web de la Entidad. | H21: Emisión y publicación del informe de seguimiento | I21: (# de informes emitidos y publicados / 1) * 100 | J21: Memorando de emisión al CICCI. | K21: Oficina de Control Interno / Control y Mejora | L21: X | O21: Durante el primer cuatrimestre de la vigencia 2024, la Oficina de Control Interno, realizó el Informe de Seguimiento al Cumplimiento de la Ley 1712 de 2014 - Transparencia y Derecho de Acceso a la Información Pública Nacional de Secretaría Distrital de Ambiente (SDA) Abril 2024 , socializado a los integrantes del CICCI mediante radicado No. 2024IE82750 del 16 de abril de 2024. | P21: 1 | Q21: Rradicado No. 2024IE82750 del 16 de abril de 2024 correspondiente a Informe de Seguimiento al Cumplimiento de la Ley 1712 de 2014 - Transparencia y Derecho de Acceso a la Información Pública Nacional de Secretaría Distrital de Ambiente (SDA) Abril 2024 | R21: Se evidencia realización del seguimiento al Cumplimiento de la Ley 1712 de 2014 - Transparencia y Derecho de Acceso a la Información Pública Nacional, comunicado a toda la entidad y miembros del CICCI con radicado 2024IE82750 del 16 de abril de 2024. Se sugiere gestionar la publicación del informe en el sitio de transparencia del portal web de la SDA, dado que a la fecha de realización de este monitoreo no evidenció publicación en https://www.ambientebogota.gov.co/es/web/transparencia/informes-de-la-oficina-de-control-interno/-/document_library_display/dQE7lgXxsm6s/view/6115144 | S21: Comunicación e Informe https://drive.google.com/drive/u/0/folders/10So9Due5uXIWtgZ_QWV0xazdDHQt9poh | T21: CUMPLIDA | U21: Cumplida | V21: En atención a la meta e indicador establecidos e identificados como: Meta: Un (1) informe de seguimiento emitido y publicado en la página web de la Entidad. Indicador: Emisión y publicación del informe de seguimiento Fórmula Indicador: (# de informes emitidos y publicados / 1) * 100 Se observa cumplimiento de la actividad con la emision del informes de seguimiento a la ley de transparencia 1712 de 2014 , socializado mediante radicado No. 2024IE82750 del 16 de abril de 2024. respecto a la sugerencia de la 2 linea, se confirma que a la fecha el documento ya se encuentra publicado en el seccion de transparencia link: https://www.ambientebogota.gov.co/web/transparencia/informes-de-la-oficina-de-control-interno?p_p_id=110_INSTANCE_dQE7lgXxsm6s&p_p_lifecycle=0&p_p_state=normal&p_p_mode=view&p_p_col_id=column-2&p_p_col_count=2&_110_INSTANCE_dQE7lgXxsm6s_struts_action=%2Fdocument_library_display%2Fview_file_entry&_110_INSTANCE_dQE7lgXxsm6s_redirect=https%3A%2F%2Fwww.ambientebogota.gov.co%2Fweb%2Ftransparencia%2Finformes-de-la-oficina-de-control-interno%2F-%2Fdocument_library_display%2FdQE7lgXxsm6s%2Fview%2F6115144%3F_110_INSTANCE_dQE7lgXxsm6s_redirect%3Dhttps%253A%252F%252Fwww.ambientebogota.gov.co%252Fweb%252Ftransparencia%252Finformes-de-la-oficina-de-control-interno%252F-%252Fdocument_library_display%252FdQE7lgXxsm6s%252Fview%252F6028834%253F_110_INSTANCE_dQE7lgXxsm6s_redirect%253Dhttps%25253A%25252F%25252Fwww.ambientebogota.gov.co%25252Fweb%25252Ftransparencia%25252Finformes-de-la-oficina-de-control-interno%25253Fp_p_id%25253D110_INSTANCE_dQE7lgXxsm6s%252526p_p_lifecycle%25253D0%252526p_p_state%25253Dnormal%252526p_p_mode%25253Dview%252526p_p_col_id%25253Dcolumn-2%252526p_p_col_count%25253D2&_110_INSTANCE_dQE7lgXxsm6s_fileEntryId=6670899 | W21: 1 | X21: NA | Y21: NA | Z21: NA | AA21: CUMPLIDA | AB21: CUMPLIDA | AC21: CUMPLIDA | AD21: Cumplida | AE21: En atención a la meta e indicador establecidos e identificados como: Meta: Un (1) informe de seguimiento emitido y publicado en la página web de la Entidad. Indicador: Emisión y publicación del informe de seguimiento Fórmula Indicador: (# de informes emitidos y publicados / 1) * 100 ACCION CUMPLIDA DESDE EL PRIMER CUATRIMESTRE | AF21: 1
C22: 1. MECANISMOS PARA LA TRANSPARENCIA Y ACCESO A LA INFORMACIÓN | D22: 1.5 Monitoreo de Acceso a la Información Pública | E22: 1.5.4 | F22: Monitoreo al cumplimiento de la Circular 017 de 2017 de la Procuraduría General de la Nación y de la Ley 2013 de 2019 (SIDEAP y Aplicativo por la Integridad Pública). | G22: Un (1) informe de seguimiento emitido y publicado en la página web de la Entidad. | H22: Emisión y publicación del informe de seguimiento | I22: (# de informes emitidos y publicados / 1) * 100 | J22: Memorando de emisión al CICCI. Informe publicado en página web. | K22: Oficina de Control Interno / Control y Mejora | N22: X | O22: Acción programada para el tercer cuatrimestre | R22: Acción programada para el tercer cuatrimestre | S22: No aplica | T22: PROGRAMADA | U22: No Programada en el Periodo | V22: En atención a la meta e indicador establecidos e identificados como: Meta: Un (1) informe de seguimiento emitido y publicado en la página web de la Entidad. Indicador: Emisión y publicación del informe de seguimiento Fórmula Indicador: (# de informes emitidos y publicados / 1) * 100 Esta actividad no se encuentra programada para este periodo. | W22: 0 | X22: NA | Y22: NA | Z22: NA | AA22: NA | AB22: NA | AC22: NA | AD22: No Programada en el Periodo | AE22: En atención a la meta e indicador establecidos e identificados como: Meta: Un (1) informe de seguimiento emitido y publicado en la página web de la Entidad. Indicador: Emisión y publicación del informe de seguimiento Fórmula Indicador: (# de informes emitidos y publicados / 1) * 100 Esta actividad no se encuentra programada para este periodo.
C23: 1. MECANISMOS PARA LA TRANSPARENCIA Y ACCESO A LA INFORMACIÓN | D23: 1.5 Monitoreo de Acceso a la Información Pública | E23: ELIMINADA 1.5.5 | F23: ELIMINADA Realizar encuestas aplicadas a los ciudadanos sobre las temáticas ambientales divulgadas en los productos comunicacionales de la SDA. | G23: ELIMINADA 6 encuestas diseñadas y aplicadas a los ciudadanos sobre las temáticas ambientales divulgadas en los productos comunicacionales de la SDA. | H23: ELIMINADA Porcentaje de aplicación de encuestas sobre las temáticas ambientales divulgadas en los productos comunicacionales de la SDA. | I23: ELIMINADA (# de encuestas aplicadas sobre las temáticas ambientales divulgadas en los productos comunicacionales de la SDA / 6 encuestas programadas para aplicar)* 100 | J23: ELIMINADA Pantallazo encuesta Informe del resultado de la encuesta | K23: ELIMINADA Oficina asesora de comunicaciones / Comunicaciones | L23: ELIMINADA | O23: ELIMINADA | R23: ELIMINADA | U23: Actividad Eliminada | V23: Eliminación actividad No. 1.5.5 por solicitud de radicado OAC 2024IE57509. | W23: 0 | AD23: Actividad Eliminada | AE23: Eliminación actividad No. 1.5.5 por solicitud de radicado OAC 2024IE57509.
C24: 1. MECANISMOS PARA LA TRANSPARENCIA Y ACCESO A LA INFORMACIÓN | D24: 1.5 Monitoreo de Acceso a la Información Pública | E24: 1.5.6 | F24: Adelantar una actividad de promoción o divulgación de la sección de transparencia y acceso a la información pública de la sede electrónica de la SDA, de forma cuatrimestral. | G24: 3 actividades de promoción o divulgación de la sección de transparencia y acceso a la información pública (uno cada cuatrimestre) | H24: Divulgación de la sección de transparencia y acceso a la información pública de la sede electrónica de la SDA | I24: No. De actividades de divulgación de la sección de transparencia y acceso a la información pública realizadas / 3 actividades de divulgación de la sección de transparencia y acceso a la información pública | J24: Correos electrónicos Piezas comunicativas Soportes de la divulgación | K24: Subsecretaria General / Política de Transparencia | L24: X | M24: X | N24: X | O24: Durante el primer trimestre del 2024 se participa en la feria de la camara de comercio y en el supercadeSuba, donde se realiza divulgacion de la importancia de la ley de transparencia en nuestra entidad. | P24: =1/3 -> 0.33333333 | R24: El proceso reporta 1 de las 3 actividades programada para la promoción o divulgación de la sección de transparencia y acceso a la información pública, realizada el 21 de marzo en la feria de la camara de comercio y supercade de Suba. Se evidencia lista de asistencia, fotografias e información de la divulgación. | S24: Lista de asistencia y documento de divulgación https://drive.google.com/drive/u/0/folders/1APhYUHytaNdiA48mgOT0EiEIxSlU5j0g | T24: CUMPLIENDO | U24: Cumplida | V24: En atención a la meta e indicador establecidos e identificados como: Meta: 3 actividades de promoción o divulgación de la sección de transparencia y acceso a la información pública (uno cada cuatrimestre) Indicador: Divulgación de la sección de transparencia y acceso a la información pública de la sede electrónica de la SDA Fórmula Indicador: No. De actividades de divulgación de la sección de transparencia y acceso a la información pública realizadas / 3 actividades de divulgación de la sección de transparencia y acceso a la información pública Revisadas las evidencias, se observo el reporte de 1 actividad de promocion y divulgacion de la seccion de transparencia, llevada a cabo en el supercade de suba el pasado 21 de marzo en la feria de la camara de comercio, asi mismo se observo, evidencia fotografica, acta de reunion e informe de divulgacion. No obstante, no se observaron actividades que permitieran validar el numerador de la formula del indicador respecto a 3 actividades de divulgacion, es decir, conocer si se cuenta con un cronograma de actividades estipulado o es a demanda o es segun invitacion, toda vez que no se observaron documentos asociados a su cumplimiento | W24: 0.33 | X24: Durante el segundo cuatrimestre del año se realiza la divulgaciones de los principios de transparencia , mediante una pieza comunicativa, la cual es enviada por el correo interno. | Y24: 0.66 | Z24: https://drive.google.com/drive/folders/1Mcaa1J4tN98NWaYc8qgE8lQiBaH171W9 | AA24: El proceso reporta una divulgacion mediante una pieza comunicativa , se evidencia que se socializa por el correo interno. | AB24: https://drive.google.com/drive/folders/1Mcaa1J4tN98NWaYc8qgE8lQiBaH171W9 | AC24: CUMPLIENDO | AD24: Cumplida | AE24: En atención a la meta e indicador establecidos e identificados como: Meta: 3 actividades de promoción o divulgación de la sección de transparencia y acceso a la información pública (uno cada cuatrimestre) Indicador: Divulgación de la sección de transparencia y acceso a la información pública de la sede electrónica de la SDA Fórmula Indicador: No. De actividades de divulgación de la sección de transparencia y acceso a la información pública realizadas / 3 actividades de divulgación de la sección de transparencia y acceso a la información pública Se obsevo copia de correo electronico de pieza comunicativade transparencia no obstante, llama la atencion que es enviado unicamente a funcionarios, lo cual iria en contravia con la meta y el indicador con relacion a la informacion publica, en caso de ser unicamente para funcionarios de la entidad, se sugiere ajustar la meta No obstante, no se observaron actividades que permitieran validar el numerador de la formula del indicador respecto a 3 actividades de divulgacion, es decir, conocer si se cuenta con un cronograma de actividades o temas estipulados o es a demanda o es segun invitacion, toda vez que no se observaron documentos asociados a su cumplimiento | AF24: 0.66
C25: 1. MECANISMOS PARA LA TRANSPARENCIA Y ACCESO A LA INFORMACIÓN | D25: 1.5 Monitoreo de Acceso a la Información Pública | E25: 1.5.7 | F25: Elaborar un instructivo para la estandarización de los criterios de accesibilidad web para la producción documental y audiovisual que genere las dependencias de la SDA, adoptarlo y socializarlo | G25: 1 instructivo para la estandarización de los criterios de accesibilidad | H25: 100% de avance en la elaboración de un instructivo para la estandarización de los criterios de accesibilidad en la producción documental | I25: No. De estrategias de contenido o alternativas de solución para mejorar el posicionamiento de la sede electrónica y de las plataformas virtuales de la DPSIA | J25: Documentos de seguimiento y propuestas, estrategias de posicionamiento web | K25: Dirección de Planeación y sistemas de información ambiental / Gestión tecnológica | M25: X | N25: X | O25: Acción programada para el segundo y tercer cuatrimestre | R25: Acción programada para el segundo y tercer cuatrimestre | S25: No aplica | T25: PROGRAMADA | U25: No Programada en el Periodo | V25: En atención a la meta e indicador establecidos e identificados como: Meta: 1 instructivo para la estandarización de los criterios de accesibilidad Indicador: 100% de avance en la elaboración de un instructivo para la estandarización de los criterios de accesibilidad en la producción documental Fórmula Indicador: No. De estrategias de contenido o alternativas de solución para mejorar el posicionamiento de la sede electrónica y de las plataformas virtuales de la DPSIA Esta actividad no se encuentra programada para este periodo. | W25: 0 | X25: Se adelantó mesa de trabajo con la Oficina Asesora de Comunicaciones con la finalidad de contexualizar la necesidad de elaborar y adoptar el instructivo. Por otro lado, se expidieron los certificados de accesibilidad | Y25: 0.1 | Z25: https://drive.google.com/drive/folders/1Afb9SI58kBYto0u0RSHMTZQ2hc4GlUeb?usp=drive_link | AA25: El proceso reporta una mesa de trabajo donde se contextualiza a la oficina de comunicaciones y se revisa el instructivo, se recomienda iniciar con el esquema del instructivo lo mas antes posible. | AB25: https://drive.google.com/drive/folders/1Mcaa1J4tN98NWaYc8qgE8lQiBaH171W9 | AC25: INICIADA | AD25: No Cumplida | AE25: En atención a la meta e indicador establecidos e identificados como: Meta: 1 instructivo para la estandarización de los criterios de accesibilidad Indicador: 100% de avance en la elaboración de un instructivo para la estandarización de los criterios de accesibilidad en la producción documental Fórmula Indicador: No. De estrategias de contenido o alternativas de solución para mejorar el posicionamiento de la sede electrónica y de las plataformas virtuales de la DPSIA Al respecto, se observo una mesa de reunion el 04 de junio de 2024 entre la DPSIA y la OAC donde se abordaron los siguientes temas "Contextualización actividad a delegado de la oficina asesora de comunicaciones, 2. Revisión instructivo publicación web, 3. Compromisos" si bien se observaro gestiones encaminadas al cumplimiento del indicador, con relacion a la meta, no se observa cumplimiento toda vez que la fecha no se observa (1) instructivo para la estandarizacion de los criterios de accesibilidad Con relacion a la formula del indicador, revisada la evidencia se observó que, durante la reunion, y en los compromisos registrados no se mencionaron o relacionaron acciones relacionadas con la formula del indicador que menciona un numero de estrategias de contenido o alternativas de soluicion para mejorar el posicionamiento de la sede electrónica y de las plataformas virtuales de la DPSIA, por tanto se sugiere validar su pertinencia. | AF25: 0
A26: Dimensión 3: Gestión con valores para resultados Dimensión 5: Información y comunicación | B26: • Participación Ciudadana en la gestión pública • Transparencia y Acceso a la Información Pública | C26: 2. RENDICIÓN DE CUENTAS | D26: 2.1 Información de calidad y en lenguaje comprensible | E26: 2.1.1 | F26: Diseñar y ejecutar el plan de comunicaciones de la SDA para la vigencia 2024, el cual incluye la socialización y divulgación de la gestión institucional e información de interés, a través de los canales tanto internos como externos con los que cuenta la entidad | G26: Doce (12) seguimientos de cumplimiento del plan de comunicaciones de la vigencia 2024 realizados | H26: Seguimiento al cumplimiento del plan de comunicaciones | I26: No. de seguimientos realizados al cumplimiento del plan de comunicaciones de la vigencia 2024 | J26: Informes de avance del plan de comunicaciones | K26: Oficina asesora de comunicaciones / Comunicaciones | L26: X | M26: X | N26: X | O26: REPORTE DE INDICADORES DE GESTIÓN OAC, PRIMER TRIMESTRE 2023. (enero, febrero, marzo) Se deja claridad que el reporte de abril se reportará en el próximo informe, debido a que el corte es a 30 de abril de 2024. La Oficina Asesora de Comunicaciones ejecuta el Plan de Comunicaciones 2024 a través de dos líneas estratégicas. A continuación, se relacionan las actividades realizadas durante el primer trimestre de 2024 correspondiente a cada línea. 1. Línea de comunicación organizacional e interna Carteleras digitales: Durante este periodo se realizó la publicación de 106 contenidos en las carteleras digitales de la entidad. Correo institucional: Se enviaron 100 mensajes a través del correo comunicacioninterna@ambientebogota.gov.co con las noticias institucionales y de la Administración distrital (monitoreo Somos Noticia), así como el boletín virtual “Para estar en Ambiente”, Miércoles de Mujer y las actividades realizadas por las diferentes áreas (Información de interés). Fondos de pantalla: Durante este periodo se publicó 5 fondo de pantalla en los computadores de la Secretaría de Ambiente. 2. Línea de comunicación externa e informativa Comunicados de prensa y notas: Se elaboraron 65 comunicados y notas para divulgar masiva y oportunamente las actuaciones institucionales y la gestión adelantada por las diferentes dependencias de la entidad, con mensajes y noticias consistentes, congruentes y coherentes como autoridad ambiental y cabeza del sector Ambiente. Convocatoria a medios: Se realizaron 5 convocatorias a medios de comunicación para la rueda de prensa. Redes Sociales: En las redes sociales de la entidad los resultados durante este mes fueron: 3.210 nuevos seguidores en Twitter (X); en Facebook 1.051 nuevos seguidores; 10.377 en Instagram; en TikTok 18.778 y 43.146.644 visualizaciones consolidadas de los videos institucionales en el canal de YouTube. Página Web: Durante enero en la página web de la Secretaría Distrital de Ambiente www.ambientebogota.gov.co se publicaron y actualizaron 91 contenidos y se registraron 497.624 visitas. Piezas gráficas: En este periodo se diseñaron y publicaron 390 piezas de comunicación a través de los canales internos y externos que permitieron evidenciar a la comunidad la gestión ambiental en el Distrito Capital, promoviendo la imagen positiva de la Secretaría Distrital de Ambiente. Material audiovisual: Durante este mes se produjeron 98 contenidos audiovisuales sobre los diferentes temas de interés de la Secretaría Distrital de Ambiente. Campañas, eventos y celebraciones: En este periodo se realizaron campañas, eventos y celebraciones del calendario ecológico que permitieron divulgar y posicionar los mensajes institucionales, así como contribuir al mejoramiento del ambiente. Los temas desarrollados respondieron a las prioridades de la entidad de la siguiente manera: Campañas (24): Calidad del Aire (externa), El Centro Vive (externa), SOS Tinguas (externa), Unidos por una Mejor calidad del Aire (campaña preventiva a la alerta) (externa), Alerta Fase I (externa), Distrito Silvestre (externa), Actúa (externa). Bogotá es COP16 (externa e interna), Yo te cuido, tú me cuidas (externa), Alerta por Calidad del Aire (externa), Temporada de Tinguas (externa e interna), #Actúa (externa), #LibresYEnSuHábitat (externa e interna), #ElCentroVive (externa) Yo te cuido, tú me cuidas (externa), #LibresYEnSuHábitat (externa e interna), #Actúa (externa), #ElCentroVive (externa), Alerta por Calidad del Aire (externa), Día Internacional de la Mujer (externa), SOS tingua (externa), Caminatas ecológicas (externa), Bogotá modo festival (externa), Semana Santa responsable (externa). Celebraciones (16): Apagón Ambiental (externa e interna) y Día Mundial de la Educación Ambiental (externa) Día de los Humedales (externa e interna), Apagón Ambiental (externa e interna), Día del Periodista (externa), Día Mundial de la Energía (externa e interna), Día Internacional para la Protección de los Osos del Mundo (externa) Día Mundial del Reciclador (externa), Día Mundial de la Eficiencia Energética (externa e interna), Día Internacional de la Mujer (interna y externa), Día del Hombre (interna) Día Internacional de la Acción por los Ríos (externa e interna), Día Internacional de los Bosques (externa e interna), Día Mundial del Agua (externa e interna), Día Mundial del Clima y la Hora del Planeta (externa e interna), Apagón Ambiental (externa e interna) Eventos (18): El Centro Vive (externa), Cubrimientos PMU- Emergencia por incendios en los Cerros Orientales (externo) Día sin Carro y sin Moto (externo), Día Mundial de los Humedales (externo), Comisión de Expertos (externo), Bancada Animalista (externo), Taller Gobernanza Regional (externo), Gestión Integral del Agua (externo), Actividad #ElCentroVive (externo), Instalación Bancada Economía Circular (externo), Entrega del proyecto del Plan Distrital de Desarrollo (externo), Evento Prioridades Ambientales (externo) El Centro Vive (externa), Rueda de Prensa Alerta por Calidad del Aire (externa), Operativos de Calidad del aire (externa), Incendio en la localidad de Santafé (externa), Pasarela de Moda sostenible (externa), Pégate al Plan Voluntariado ambiental (externa) | P26: 0.25 | Q26: Ubicación de los soportes: Unidad Compartida OAC/archivos 2024/indicadores 2024, enero,febrero, marzo/Igualmente en isolución, indicadores de gestión OAC/ plan de comunicaciones. | R26: Como segunda línea se pudo verificar que la oficina asesora de comunicaciones ejecuta el Plan de Comunicaciones 2024 a través de dos líneas estratégicas, la línea de comunicación organizacional e interna y la línea de comunicación externa e informativa, manejan canales y actividades que han venido realizando en el cuatrimestre: 1. carteleras, 2. correo interno, 3. Fondos de pantalla, 4. comunicaciones, 5. redes, 6. convocatorias a medios, 7. Pagina web, 8. piezas graficas, 9. audiovisuales, 10. Campañas, 11. Eventos, 12. Celebraciones y 13. Monitoreo a medios. Estas actividades se pudieron evidenciar en las evidencias observadas en la unidad drive de la OAC https://drive.google.com/drive/u/0/folders/140XmYHCsudutRo2xhLo4Y-2UraFuAJe3 . Así mismo se verificó el indicador en el aplicativo Isolucion denominado "Plan de Comunicaciones 2024 ejecutado" el cual va cumpliendo de acuerdo con lo programado y se evidenciaron 3 seguimientos realizados al plan de comunicaciones. En tal sentido, se evidencia la realización de 3 de los 12 seguimientos programados al cumplimiento del plan de comunicaciones de la vigencia 2024. | S26: Seguimientos https://drive.google.com/drive/u/0/folders/1E0rAb_8mpx29299Wmj1QSPnkvhT_CxgA Archivos de indicadores OAC Unidad compartida OAC https://drive.google.com/drive/u/0/folders/140XmYHCsudutRo2xhLo4Y-2UraFuAJe3 | T26: CUMPLIENDO | U26: Parcialmente | V26: En atención a la meta e indicador establecidos e identificados como: Meta: Doce (12) seguimientos de cumplimiento del plan de comunicaciones de la vigencia 2024 realizados Indicador: Seguimiento al cumplimiento del plan de comunicaciones Fórmula Indicador: No. de seguimientos realizados al cumplimiento del plan de comunicaciones de la vigencia 2024 De conformidad con la información suministrada por la primera línea de defensa el Plan de Comunicaciones se ejecuta a través de dos líneas estratégicas: La línea de comunicación organiacional e interna y la línea de comunicacion externa e informativa. La OAC realiza mensualmente seguimiento al cumplimiento del Plan de Comunicaciones, como consta en los siguientes links https://n9.cl/ul41d y https://n9.cl/gqnvo se ejecutaron las siguientes actividades durante el primer trimestre de 2024, por cada línea: 1. Línea de comunicación organizacional e interna: -Carteleras digitales: Se publicaron 106 contenidos en las carteleras digitales. -Correo institucional: Se enviaron 100 mensajes a través del correo interno (comunicacioninterna@ambientebogota.gov.co, el boletín virtual “Para estar en Ambiente”, Miércoles de Mujer y otras actividades realizadas por diferentes áreas. -Fondos de pantalla: Se publicaron cinco ( 5) fondos de pantalla en los computadores de la SDA. 2. Línea de comunicación externa e informativa: -Comunicados de prensa y notas: Se elaboraron sesenta y cinco (65) comunicados y notas. -Convocatoria a medios: Se realizaron cinco (5) convocatorias a medios de comunicación para la rueda de prensa. -Redes Sociales: Nuevos seguidosres: 3.210 en Twitter (X), en Facebook 1.051; en Instagram 10.377; en TikTok 18.778 y 43.146.644 visualizaciones consolidadas de los videos institucionales en el canal de YouTube. -Página Web: En enero se publicaron y actualizaron 91 contenidos y se registraron 497.624 visitas. -Piezas gráficas: En el periodo se diseñaron y publicaron 390 piezas de comunicación a través de los canales internos y externos. -Material audiovisual: Se produjeron 98 contenidos audiovisuales. Campañas, eventos y celebraciones: En este periodo se realizaron campañas, eventos y celebraciones del calendario ecológico que permitieron divulgar y posicionar los mensajes institucionales, así como contribuir al mejoramiento del ambiente. Los temas desarrollados respondieron a las prioridades de la entidad de la siguiente manera: Campañas (24): Calidad del Aire (externa), El Centro Vive (externa), SOS Tinguas (externa), Unidos por una Mejor calidad del Aire (campaña preventiva a la alerta) (externa), Alerta Fase I (externa), Distrito Silvestre (externa), Actúa (externa). Bogotá es COP16 (externa e interna), Yo te cuido, tú me cuidas (externa), Alerta por Calidad del Aire (externa), Temporada de Tinguas (externa e interna), #Actúa (externa), #LibresYEnSuHábitat (externa e interna), #ElCentroVive (externa) Yo te cuido, tú me cuidas (externa), #LibresYEnSuHábitat (externa e interna), #Actúa (externa), #ElCentroVive (externa), Alerta por Calidad del Aire (externa), Día Internacional de la Mujer (externa), SOS tingua (externa), Caminatas ecológicas (externa), Bogotá modo festival (externa), Semana Santa responsable (externa). -Celebraciones (16): Apagón Ambiental (externa e interna) y Día Mundial de la Educación Ambiental (externa) Día de los Humedales (externa e interna), Apagón Ambiental (externa e interna), Día del Periodista (externa), Día Mundial de la Energía (externa e interna), Día Internacional para la Protección de los Osos del Mundo (externa) Día Mundial del Reciclador (externa), Día Mundial de la Eficiencia Energética (externa e interna), Día Internacional de la Mujer (interna y externa), Día del Hombre (interna) Día Internacional de la Acción por los Ríos (externa e interna), Día Internacional de los Bosques (externa e interna), Día Mundial del Agua (externa e interna), Día Mundial del Clima y la Hora del Planeta (externa e interna), Apagón Ambiental (externa e interna) -Eventos (18): El Centro Vive (externa), Cubrimientos PMU- Emergencia por incendios en los Cerros Orientales (externo) Día sin Carro y sin Moto (externo), Día Mundial de los Humedales (externo), Comisión de Expertos (externo), Bancada Animalista (externo), Taller Gobernanza Regional (externo), Gestión Integral del Agua (externo), Actividad #ElCentroVive (externo), Instalación Bancada Economía Circular (externo), Entrega del proyecto del Plan Distrital de Desarrollo (externo), Evento Prioridades Ambientales (externo) El Centro Vive (externa), Rueda de Prensa Alerta por Calidad del Aire (externa), Operativos de Calidad del aire (externa), Incendio en la localidad de Santafé (externa), Pasarela de Moda sostenible (externa), Pégate al Plan Voluntariado ambiental (externa). De acuerdo con las evidencias aportadas se concluye que en el primer cuatrimestre se cumplió con el seguimiento de la tercera parte es decir del 75%, y para el acumulado el 25%. | W26: 0.25 | X26: REPORTE DE INDICADORES OFICINA ASESORA DE COMUNICACIONES ABRIL, MAYO, JUNIO Y JULIO 2024. La Oficina Asesora de Comunicaciones ejecuta el Plan de Comunicaciones 2024 a través de dos líneas estratégicas. A continuación, se relacionan las actividades realizadas durante el mes de abril correspondiente a cada línea. 1. Línea de comunicación organizacional e interna Carteleras digitales: Durante este periodo se realizó la publicación de 164 contenidos en las carteleras digitales de la entidad. Correo institucional: Se enviaron 137 mensajes a través del correo comunicacioninterna@ambientebogota.gov.co con las noticias institucionales y de la Administración distrital, así como el boletín virtual “Para estar en Ambiente”, Miércoles de Mujer y las actividades realizadas por las diferentes áreas (Información de interés). Fondos de pantalla: Durante este periodo se publicaron 5 fondos de pantalla en los computadores de la Secretaría de Ambiente. 2. Línea de comunicación externa e informativa Comunicados de prensa y notas: Se elaboraron 68 comunicados y notas para divulgar masiva y oportunamente las actuaciones institucionales y la gestión adelantada por las diferentes dependencias de la entidad, con mensajes y noticias consistentes, congruentes y coherentes como autoridad ambiental y cabeza del sector Ambiente. Convocatoria a medios: Durante este periodo se realizó 1 convocatoria a medios de comunicación para la rueda de prensa de la campaña “Así se prepara el distrito para enfrentar el fenómeno de La Niña”. Redes Sociales: En las redes sociales de la entidad los resultados durante este mes fueron: 174 nuevos seguidores en Twitter (X) para un consolidado de 163.254 en Facebook un consolidado de 58.654; en Instagram un consolidado de 65.411; en TikTok obtuvimos un consolidado de 6.329, en Facebook 58.654 y un consolidado de 14.528.554 visualizaciones de los videos institucionales en el canal de YouTube. Página Web: Durante abril en la página web de la Secretaría Distrital de Ambiente www.ambientebogota.gov.co se publicaron y actualizaron 110 contenidos y se registraron 428.434 visitas. Piezas gráficas: En este periodo se diseñaron y publicaron 682 piezas de comunicación a través de los canales internos y externos que permitieron evidenciar a la comunidad la gestión ambiental en el Distrito Capital, promoviendo la imagen positiva de la Secretaría Distrital de Ambiente. Material audiovisual: Durante este mes se produjeron 161 contenidos audiovisuales sobre los diferentes temas de interés de la Secretaría Distrital de Ambiente. Estos contenidos fueron notas periodísticas, cápsulas informativas sobre temas institucionales divulgados en los canales internos y externos de la entidad. Campañas, eventos y celebraciones: En este periodo se realizaron campañas, eventos y celebraciones del calendario ecológico que permitieron divulgar y posicionar los mensajes institucionales, así como contribuir al mejoramiento del ambiente. Los temas desarrollados respondieron a las prioridades de la entidad de la siguiente manera: Campañas (37): Yo te cuido, tú me cuidas (externa), #LibresYEnSuHábitat (externa), #Actúa (externa), #ElCentroVive (externa), Alerta por Calidad del Aire (externa), Día del Árbol (externa), Protege el Laurel de Cera (externa), Juntos por el Agua (externa), Unidos por un nuevo Aire (externa), 20 Días por el Agua (externa). Cierra la Llave, (externa), La especie de la semana (externa),Global Big Day (externa), Libres y en su hábitat (externa), El sumidero no es basurero (externa), Reciclatón (externa), Guardianas de los Humedales (externa), Yo te cuido, tú me cuidas (externa), Día de la Madre (externa), Por un Segundo Uso (externa) y Así va el Plan (externa). Moda Circular (externa), convocatoria Techos Verticales (externa), La Selección de Ambiente (externa), Comunidad Raizal (externa), Misión Guardianes del Agua (externa), Trámites sin Tanta Vuelta (externa), Ni Una Más (externa), Semana Ambiental (externa), Jóvenes a la E (externa), y Bogotá Camina Segura (externa). Libres y en su hábitat (externa), Convocatoria Techos Verticales (externa), La Selección de Ambiente (externa), La 53 Camina Segura (externa), Tu Opinión es muy Importante (externa), Juntos Frente al Fenómeno de La Niña (externa). Celebraciones (30): Día de la Movilidad Sostenible (interno), Día del Apagón Ambiental (interno y externo), Día del Niño y la Niña (interna y externa), Día Internacional de la Tierra (interna y externa), Día de la visibilidad Lésbica (interna) y Día Nacional del Árbol (interna y externa). Día de la Santa Cruz (externa), Día del Combatiente de Incendios Forestales (externa), Día del Río Bogotá (externa), Día Internacional de las Aves (interno y externo), Día Mundial del Reciclaje (interna y externa), Día Mundial de las Abejas (interna y externa), Día Mundial de la Biodiversidad (interna y externa), Global Big Day (externa), Día Internacional contra la homofobia, transfobia, lesbifobia y bifobia (interno) y Día Mundial de la Afrocolombianidad (interna), Apagón Ambiental (interna y externa), Día del Padre (interna), Día del Orgullo LGBTI (interna), Semana Ambiental (interna y externa), Día Mundial del Medio Ambiente (externa e interna) y Día Mundial del Suelo y la Tierra Fértil (externa). Apagón Ambiental (interna y externa), Día Internacional Libre de Bolsas de Plásticos (interna y externa), 20 de Julio (externa), Día de la Conservación del Suelo (interna), Día Internacional de las Tecnologías Apropiadas (interna), Día del Conductor (interna), Día de la Mujer Afrolatina, Afrocaribeña y de la Diáspora (interna) y Día Nacional de la Vida silvestre (interna y externa). Eventos (8): Declaratoria de 63.700 metros cuadrados de “Bosque Urbano Ciudad Montes” 5-04-2024 (externo), Recorrido Día del Niño y la Niña 13-04-2024 (interno) y Un Break con la Secre 19-04-2024 (interno). Socialización de Resolución 2239 del 2023 y Manual de Normas y Procedimientos para la Gestión de Aceites Usados. Encuentro Distrital de Negocios Verdes (externo), Semana Ambiental (interna) y visita estudiantes Puerto Rico (externa) Rueda de prensa “Así se prepara el Distrito para enfrentar el fenómeno de La Niña” (externo). | Y26: 0.5 | Z26: Ubicación de los soportes: Unidad Compartida OAC/archivos 2024/indicadores 2024, abril, mayo, junio y julioo/Igualmente en isolución, indicadores de gestión OAC/ plan de comunicaciones. | AA26: Se evidencia que el proceso realiza los reportes de indicadores de los meses de abril, mayo , junio y julio del 2024. | AB26: Ubicación de los soportes: Unidad Compartida OAC/archivos 2024/indicadores 2024, abril, mayo, junio y julioo/Igualmente en isolución, indicadores de gestión OAC/ plan de comunicaciones. | AC26: CUMPLIENDO | AD26: Parcialmente | AE26: En atención a la meta e indicador establecidos e identificados como: Meta: Doce (12) seguimientos de cumplimiento del plan de comunicaciones de la vigencia 2024 realizados Indicador: Seguimiento al cumplimiento del plan de comunicaciones Fórmula Indicador: No. de seguimientos realizados al cumplimiento del plan de comunicaciones de la vigencia 2024 Seguimiento: De conformidad con la información suministrada por la primera línea de defensa el Plan de Comunicaciones se ejecuta a través de dos líneas estratégicas: La línea de comunicación organiacional e interna y la línea de comunicacion externa e informativa. La OAC realizó un seguimiento mensual del cumplimiento del Plan de Comunicaciones durante el segundo cuatrimestre de 2024 (mayo a agosto) para cada una de las líneas, cumpliendo las actividades al 100%, como se detalla en los siguientes enlaces: https://lc.cx/APN4cK y https://lc.cx/wxHkDe. Se han realizado ocho seguimientos de cumplimiento del Plan de Comunicaciones, lo que representa un cumplimiento del 66,66% de la meta total. Recomendación: Continuar con el diligenciamiento del archivo excel en el que se compila la informacion por línea y actividad. | AF26: 0.6666
C27: 2. RENDICIÓN DE CUENTAS | D27: 2.1 Información de calidad y en lenguaje comprensible | E27: 2.1.2 | F27: Actualizar los indicadores ambientales dispuestos en el Observatorio Ambiental de Bogotá-OAB | G27: Alcanzar un nivel de actualización de 98% del OAB al finalizar la vigencia 2024. | H27: Nivel de actualización del OAB | I27: (No. de indicadores actualizados / No. total de indicadores que requieren actualización, según su periodicidad de medición ) x 100 | J27: Informes de administración y bitácoras | K27: Dirección de Planeación y Sistemas de Información Ambiental / Planeación Ambiental | L27: X | M27: X | N27: X | O27: Mensualmente se ha realizado la administración integral de los indicadores ambientales dispuestos en el Observatorio Ambiental de Bogotá-OAB , lo cual ha permitido tener un nivel de actualización del 87,24% con corte a marzo de 2024, dado que el reporte es mes completo, la cifra de abril se tendra la primera semana de mayo . | P27: 0.8724 | Q27: https://drive.google.com/drive/u/0/folders/1zQNOCEGO-XrdHz6im33c2f2QnflP1wfb | R27: Se evidencia informes mensuales de administración del OAB el cual incluye un capitulo de actualización de los indicadores y se observa la bitacora de control en la cual se evidencia actualización de 158 de 181 indicadores ambientales en total dispuestos en el Observatorio Ambiental de Bogotá-OAB, en tal sentido el nivel de actualización es del 87,24%. Se recomienda las gestiones de la SEGAE y de la SRHS ya que son las dependencias de la SDA que poseen indicadores que presentan algun nivel de desactualización o pendientes de reporte, para lograr alcanzar al finalizar el año la meta dispuesta del 98% de actualización del OAB. | S27: Informes y bitacoras https://drive.google.com/drive/u/0/folders/1zQNOCEGO-XrdHz6im33c2f2QnflP1wfb | T27: CUMPLIENDO | U27: Parcialmente | V27: En atención a la meta e indicador establecidos e identificados como: Meta: Actualizar los indicadores ambientales dispuestos en el Observatorio Ambiental de Bogotá-OAB Indicador: Alcanzar un nivel de actualización de 98% del OAB al finalizar la vigencia 2024. Fórmula Indicador: (No. de indicadores actualizados / No. total de indicadores que requieren actualización, según su periodicidad de medición ) x 100 De conformidad con la información suministrada por la primera línea de defensa y los soportes evidenciados en el siguiente link: https://n9.cl/dvmwr, se observó que la OAC ha realizado la actualizacion de 158 indicadores ambientales dispuestos en el Observatorio Ambiental de Bogotá-OAB de 181, lo cual indica que se ha avanzado en un 87% de la meta total, aunque la programación para el primer cuatrimestre era del 33,33% Se evidenció una sobre ejecución respecto a la meta establecida para el cuatrimestre y la vigencia, se recomienda al proceso, evaluar la necesidad de reformular la actividad y fortalecer el esquema de planeación frente a las actividades definidas y su alineación efectiva con la gestión operativa del proceso. | W27: 0.87 | X27: Mensualmente se ha realizado la administración integral de los indicadores ambientales dispuestos en el Observatorio Ambiental de Bogotá-OAB , lo cual ha permitido tener un nivel de actualización del 97,69% con corte a julio de 2024, dado que el reporte es mes completo, la cifra de agosto se tendra la primera semana de septiembre | Y27: 97,69% | Z27: Bitacora | AA27: El proceso reporta mediante su bitacora , el nivel de actualizacionde los indicadores ambientales dispuestos en el observatorio ambiental de Bogota OAB , que para el cierre de julio es 97,69, se recomienda trabajar en los indicadores que no han sido actualizados para lograr un 100%. | AB27: https://drive.google.com/drive/folders/1Mcaa1J4tN98NWaYc8qgE8lQiBaH171W9 | AC27: CUMPLIENDO | AD27: Cumplida | AE27: En atención a la meta e indicador establecidos e identificados como: Meta: Actualizar los indicadores ambientales dispuestos en el Observatorio Ambiental de Bogotá-OAB Indicador: Alcanzar un nivel de actualización de 98% del OAB al finalizar la vigencia 2024. Fórmula Indicador: (No. de indicadores actualizados / No. total de indicadores que requieren actualización, según su periodicidad de medición ) x 100 Seguimiento: De acuerdo con la información proporcionada por la primera línea de defensa y los documentos disponibles en el siguiente enlace: https://lc.cx/MMReS4, se ha observado que la OAB ha actualizado 169 de los 173 indicadores ambientales. Esto representa un cumplimiento del 98%, alcanzando así el 100% de la meta establecida para el año 2024. Se recomienda al proceso reformular la meta para lograr una actualización completa del 100% de los indicadores ambientales de la OAB. Específicamente, actualizar el 2% restante durante el tercer cuatrimestre de 2024. | AF27: 1
C28: 2. RENDICIÓN DE CUENTAS | D28: 2.1 Información de calidad y en lenguaje comprensible | E28: 2.1.3 | F28: Elaborar los informes reglamentarios (Acuerdo 067/02, Bogotá Cómo Vamos, Matriz de indicadores de ciudad, ICAU, ODS) que rinden cuenta sobre la gestión de la administración Distrital, el estado y calidad de los recursos naturales. | G28: 100% de los informes normados sobre gestión y estado de recursos normados elaborados | H28: Porcentaje de elaboración de informes normados de gestión, el estado y calidad de los recursos naturales | I28: (No. de informes normados elaborados / 5 informes requeridos por normativa y disposición distrital (Acuerdo 067/02, Bogotá Cómo Vamos, Matriz de indicadores de ciudad, ICAU, ODS) x 100 | J28: Informes, comunicaciones | K28: Dirección de Planeación y Sistemas de Información Ambiental / Planeación Ambiental | L28: X | M28: X | O28: Se elaboraron los 5 informes requeridos por normativa y disposición distrital, que rinden cuenta sobre la gestión de la administración Distrital, el estado y calidad de los recursos naturales: 1. Acuerdo 067/02 2. Bogotá Cómo Vamos 3. Matriz de indicadores de ciudad 4. ICAU 5. ODS | P28: 1 | Q28: https://drive.google.com/drive/u/0/folders/1maBdeZuJKGfwYfSUmo8oUJ7ERDz-RYcZ | R28: Se elaboraron y enviaron a la SDP los informes reglamentarios: 1) Acuerdo 067/02 2) Bogotá Cómo Vamos 3) Matriz de indicadores de ciudad 4) ICAU y 5. ODS, que rinden cuenta sobre la gestión de la administración Distrital, el estado y calidad de los recursos naturales. Se evidencian informes y comunicaciones de envio, con lo que se observa cumplimiento de la acción. | S28: Informes y comunicaciones https://drive.google.com/drive/u/0/folders/1maBdeZuJKGfwYfSUmo8oUJ7ERDz-RYcZ | T28: CUMPLIDA | U28: Cumplida | V28: En atención a la meta e indicador establecidos e identificados como: Meta: 100% de los informes normados sobre gestión y estado de recursos normados elaborados Indicador: Porcentaje de elaboración de informes normados de gestión, el estado y calidad de los recursos naturales Fórmula Indicador: (No. de informes normados elaborados / 5 informes requeridos por normativa y disposición distrital (Acuerdo 067/02, Bogotá Cómo Vamos, Matriz de indicadores de ciudad, ICAU, ODS) x 100 De conformidad con la información suministrada por la primera línea de defensa y los soportes evidenciados en el siguiente link: https://n9.cl/3neebk, se observó que la OAC elaboró y envió los informes reglamentarios (Acuerdo 067/02, Bogotá Cómo Vamos, Matriz de indicadores de ciudad, ICAU, ODS) que rinden cuenta sobre la gestión de la administración Distrital, el estado y calidad de los recursos naturales, en el primer cuatrimestre de la vigencia 2024. La actividad estaba programada para ser cumplida en un 50% en el primer cuatrimestre pero se cumplió en un 100% de la programación total. Se evidenció una sobre ejecución respecto a la meta establecida para el cuatrimestre y la vigencia, se recomienda al proceso, evaluar la necesidad de reformular la actividad y fortalecer el esquema de planeación frente a las actividades definidas y su alineación efectiva con la gestión operativa del proceso. | W28: 1 | X28: CUMPLIDA | Y28: CUMPLIDA | Z28: CUMPLIDA | AA28: CUMPLIDA | AB28: CUMPLIDA | AC28: CUMPLIDA | AD28: Cumplida | AE28: En atención a la meta e indicador establecidos e identificados como: Meta: 100% de los informes normados sobre gestión y estado de recursos normados elaborados Indicador: Porcentaje de elaboración de informes normados de gestión, el estado y calidad de los recursos naturales Fórmula Indicador: (No. de informes normados elaborados / 5 informes requeridos por normativa y disposición distrital (Acuerdo 067/02, Bogotá Cómo Vamos, Matriz de indicadores de ciudad, ICAU, ODS) x 100 Seguimiento: Esta meta se cumplió en el primer cuatrimestre. Recomendación: Evaluar la necesidad de reformular la actividad y fortalecer el esquema de planeación frente a las actividades definidas y su alineación efectiva con la gestión operativa del proceso. | AF28: 1
C29: 2. RENDICIÓN DE CUENTAS | D29: 2.2 Diálogo de doble vía con la ciudadanía y sus organizaciones | E29: 2.2.1 | F29: Hacer presencia institucional en ferias y eventos de servicio al ciudadano, organizadas por la Alcaldía Mayor de Bogotá y/o otras entidades. | G29: 100% de participación en las ferias de servicio al ciudadano en donde sea convocada la Entidad durante la vigencia 2024 | H29: Porcentaje de participación de las ferias de servicio al ciudadano | I29: (No. de participaciones en ferias de servicio al ciudadano de la SDA, durante el cuatrimestre / No. de ferias de servicio al ciudadano convocadas e invitadas a la SDA organizadas por la Alcaldía Mayor de Bogotá y/o otras entidades) x 100 | J29: actas de reunion y listados de asistencia | K29: Subsecretaria general / servicio a la ciudadanía | L29: X | M29: X | N29: X | O29: Durnate el primer trimestre de 2024, la SDA hizo presencia en 16 ferias de servicio a las cuales fue convocada la SDA por la Secretaria General, los Cades y Super Cades, Camara de Comercio y/o las organizadas por el grupo de servicio a la ciudadania , logrando la atencion de 2333 ciudadanos lo que permite un fortalecimiento del canal presencial, asi: - Ferias del mes de febrero, se asistieron a 8 ferias de servicio logrando atender a 1119 ciudadanos: Cade Toberin (110 ciudadanos atendidos), Super CadeCAD (244 ciudadanos), Cade Fontibon (123 ciudadanos), Super Cade Calle 13 (150 ciudadanos), Cade Movil Kenndy bellavista (165 ciudadanos) Vereda Quiba (129 ciudadanos), Super Cade Bosa (121 ciudadanos), Centro Comercial Gran Plaza (77 ciudadanos). - Ferias del mes de marzo, se asistieron a 8 ferias, logrando atender 1214 ciudadanos, asi: Centro comercial Gran Plaza (77 ciudadanos), Super Cade Americas (174 ciudadanos), Supercade Engativa (110 ciudadanos), SuperCade Movil ALameda la Toscana (264 ciudadanos), SuperCade Suba (151 ciudadanos), Supercade movil Plaza Ferial 20 de julio (120 ciudadanos), Camara de Comercio de Bogota (120 ciudadanos), Super Cade Manitas (80 ciudadanos) | P29: 16 ferias de servicio asisitdas | Q29: Actas y asistencia de las ferias de servicio https://drive.google.com/drive/u/0/folders/1OjE4IujpsxPDEmATroW-tMzKa8dyLC6t | R29: El proceso reporta presencia de la SDA en 16 ferias de servicio convocadas por la Secretaria General, CADES y Super Cades, Camara de Comercio y/o las organizadas por el grupo de servicio a la ciudadania, con una atención de 2333 ciudadanos, en el mes de febrero, se asistieron a 8 ferias con 1119 ciudadanos atendidos y en el mes de marzo, se asistieron a 8 ferias con 1214 ciudadanos. Se evidencia listas de asistencia y documentos de soporte. | S29: Actas de reunion y listados de asistencia https://drive.google.com/drive/u/0/folders/1dSN8KFQjXEF0GMndMHJ3-keadJ_PD1Sy | T29: CUMPLIENDO | U29: Parcialmente | V29: En atención a la meta e indicador establecidos e identificados como: Meta: 100% de participación en las ferias de servicio al ciudadano en donde sea convocada la Entidad durante la vigencia 2024 Indicador: Porcentaje de participación de las ferias de servicio al ciudadano Fórmula Indicador: (No. de participaciones en ferias de servicio al ciudadano de la SDA, durante el cuatrimestre / No. de ferias de servicio al ciudadano convocadas e invitadas a la SDA organizadas por la Alcaldía Mayor de Bogotá y/o otras entidades) x 100 De conformidad con la información suministrada por la primera línea de defensa y los soportes evidenciados en el siguiente link: https://n9.cl/okxc9, se evidenció que se ha participado en dieciseis (16) ferias de servicio convocadas por la Secretaría General, Cades, Supercades, Camara de Comercio y organizada por el Grupo de Servicio a la Ciudadania de la SDA, de las cuales ocho (8) fueron en el mes de febrero y ocho (8) en el mes de marzo, con lo cual se evidenció que la SDA ha hecho presencia en ferias y eventos a los cuales ha sido convocada en los meses de febrero y marzo, no se aportó información de abril. Por lo anterior se concluye que se dio cumplimiento al 75% de la meta propuesta para el primer cuatrimestre, es decir el 25% del total. | W29: 0.25 | X29: Durante el segundo cuatrimestre de 2024, la SDA hizo presencia en 8 ferias de servicio a las cuales fue convocada la SDA por la Secretaria General, los Cades y Super Cades, Camara de Comercio y/o las organizadas por el grupo de servicio a la ciudadania , logrando la atencion de 744 ciudadanos lo que permite un fortalecimiento del canal presencial, asi: - Ferias del mes de mayo, se asistio a 1 ferias, logrando atender 33 ciudadanos. - Ferias del mes de junio, se asisitio a 1 feria, logrando atender a 121 ciudadano - Ferias en el mes de julio, se asistió a 3 ferias, logrando atender 734 - Ferias en e mes de agosto, se asistio a 3 ferias logrando a atender 173 ciudadanos De acuerdo a lo anterior se da cumplia esta actividad para este trimestre llevando un porcentaje de avance en su cumplimiento del 66,6% para la vigencia 20204 a corte de julio | Y29: 8 ferias de servicio convocadas y asisitidas | Z29: Actas y asistencia de las ferias de servicio https://drive.google.com/drive/u/3/folders/1G1Fy0uYRrXDRsuvgeCdA8XqdJ_V2_NT0 | AA29: El proceso reporta los listados con la presencia en 8 ferias de servicio durante el segundo cuatrimestre teniendo una alta atencion de usuarios, sin embargo se recomienda que el indicador sea mas preciso para trazar mejores metas. | AB29: https://drive.google.com/drive/folders/1Mcaa1J4tN98NWaYc8qgE8lQiBaH171W9 | AC29: CUMPLIENDO | AD29: Parcialmente | AE29: En atención a la meta e indicador establecidos e identificados como: Meta: 100% de participación en las ferias de servicio al ciudadano en donde sea convocada la Entidad durante la vigencia 2024 Indicador: Porcentaje de participación de las ferias de servicio al ciudadano Fórmula Indicador: (No. de participaciones en ferias de servicio al ciudadano de la SDA, durante el cuatrimestre / No. de ferias de servicio al ciudadano convocadas e invitadas a la SDA organizadas por la Alcaldía Mayor de Bogotá y/o otras entidades) x 100 Seguimiento: De acuerdo con la información proporcionada por la primera línea de defensa y los documentos disponibles en el siguiente enlace: https://lc.cx/OeeI18, la Secretaría participó en ocho (8) ferias de servicio durante el segundo cuatrimestre de 2024, atendiendo a un total de 1,061 ciudadanos. En consecuencia, se concluye que se ha alcanzado el 100% del cumplimiento de la meta, ya que la Secretaría asistió a todas las ferias de servicio al ciudadano a las que fue convocadadurante el segundo cuatrimestre. | AF29: 0.6667
C30: 2. RENDICIÓN DE CUENTAS | D30: 2.2 Diálogo de doble vía con la ciudadanía y sus organizaciones | E30: 2.2.2 | F30: Realizar una jornada de dialogo ciudadano y rendición de cuenta de la vigencia 2024, conforme a la ruta de trabajo y lineamientos metodológicos de la Administración distrital y la Veeduría Distrital. | G30: Una (1) jornada de dialogo ciudadano y rendición de cuenta de la vigencia 2024 efectuada. | H30: Realización de la jornada de dialogo ciudadano y rendición de cuenta de la vigencia 2024 | I30: No. de jornada de dialogo ciudadano y rendición de cuenta realizada de la vigencia 2024 | J30: Informe de rendición de cuentas, correos y comunicaciones | K30: Dirección de Planeación y Sistemas de Información Ambiental, despacho, oficina asesora de comunicaciones | N30: X | O30: Acción programada para el tercer cuatrimestre | R30: Acción programada para el tercer cuatrimestre | S30: No aplica | T30: PROGRAMADA | U30: No Programada en el Periodo | V30: En atención a la meta e indicador establecidos e identificados como: Meta: Una (1) jornada de dialogo ciudadano y rendición de cuenta de la vigencia 2024 efectuada. Indicador: Realización de la jornada de dialogo ciudadano y rendición de cuenta de la vigencia 2024 Fórmula Indicador: No. de jornada de dialogo ciudadano y rendición de cuenta realizada de la vigencia 2024 | W30: 0 | X30: NA | Y30: NA | Z30: NA | AA30: NA | AB30: NA | AC30: NA | AD30: No Programada en el Periodo | AE30: En atención a la meta e indicador establecidos e identificados como: Meta: Una (1) jornada de dialogo ciudadano y rendición de cuenta de la vigencia 2024 efectuada. Indicador: Realización de la jornada de dialogo ciudadano y rendición de cuenta de la vigencia 2024 Fórmula Indicador: No. de jornada de dialogo ciudadano y rendición de cuenta realizada de la vigencia 2024 | AF30: 0
A31: Dimensión 3. Gestión con Valores para Resultados | B31: • Servicio al ciudadano | C31: 3. MECANISMOS PARA MEJORAR LA ATENCIÓN AL CIUDADANO | D31: 3.1 Estructura administrativa y Direccionamiento estratégico | E31: 3.1.1 | F31: Realizar visitas de seguimiento al servicio prestado en los diferentes puntos de atención presenciales de la SDA. | G31: 4 visitas de seguimiento en el primer cuatrimestre, 4 visitas en el segundo y 3 visitas en tercer cuatrimestre del 2024 | H31: Realización de visitas de seguimieno al servicio prestado por la SDA | I31: No. de visitas de seguimiento al servicio prestado realizadas | J31: actas de reunion y listados de asistencia | K31: Subsecretaria general / servicio a la ciudadanía | L31: X | M31: X | N31: X | O31: Durante el primer trimestre de 2024, se realizó el seguimiento de la supervision de 9 cades y supercades: Super Cade CAD, Super Cade Suba, Cade Toberin, Super Cade Fontibon, Super Cade Bosa, Super Cade Manitas, Super Cade Calle 13, Super Cade Egativa, Super Cade Americas. | P31: Actas de visitas de seguimiento (18 visitas de seguimiento) | Q31: Actas de seguimiento https://drive.google.com/drive/u/0/folders/13Dfk0_8mVRq0Lia3_WsGX2tRx0Tfnhq9 | R31: El proceso reporta seguimiento a la supervisión de la atención a la ciudadanía en los CADES, mediante la realización de 18 visitas, 9 en el mes de enero y 9 en el mes de febrero. La meta es realizar 4 visitas de seguimiento en el primer cuatrimestre, lo cual ya esta muy por encima de lo programado, se sugiere cambiar la meta, de manera tal que sea más coherente con la operación y capacidad de la SDA en este item, ya que que en dos meses se han realizado 18 visitas y la meta eran 4 en el cuatrimestre y 11 en el año. La acción ya estaría cumplida y esta programada para todo el año. | S31: Actas de reunion y listados de asistencia https://drive.google.com/drive/u/0/folders/1R3y98TMaCiElieBsBRNvlMYw0wU9IuwV | T31: CUMPLIDA | U31: Cumplida | V31: En atención a la meta e indicador establecidos e identificados como: Meta: 4 visitas de seguimiento en el primer cuatrimestre, 4 visitas en el segundo y 3 visitas en tercer cuatrimestre del 2024 Indicador: Realización de visitas de seguimieno al servicio prestado por la SDA Fórmula Indicador: No. de visitas de seguimiento al servicio prestado realizadas La oficina de control interno realizó el seguimiento cómo tercera línea de defensa observando lo siguiente: Una vez revisado el reporte de primera y segunda línea de defensa, se observó, que, para la actividad relacionada con la realización de visitas de seguimiento al servicio prestado en los diferentes puntos de atención presenciales de la SDA, se programó para el primer cuatrimestre, realizar cuatro (4) visitas de seguimiento, al verificar las evidencias, se observó que el proceso aporto un total de dieciocho (18) actas de visitas así: nueve (9 ) actas de visitas de seguimiento del mes de enero y nueve (9) actas de seguimiento de visitas correspondientes al mes de febrero, respecto a los meses marzo y abril no se observan evidencias de seguimiento. Respecto al contenido de Las actas, se observó que, corresponden a reuniones de retroalimentación realizadas sobre la Política Pública Distrital de Servicio a la Ciudadanía, lineamientos y protocolos de atención, no obstante, adolece de información que permita conocer el seguimiento al servicio prestado en los diferentes puntos de atención presenciales de la SDA. Así mismo se evidenció una sobre ejecución respecto a la meta establecida para el cuatrimestre y la vigencia, por cuanto se programó realizar para 2024 un total de 11 visitas de seguimiento, de las cuales en enero y febrero ya se han realizado 18, por lo expuesto, se recomienda al proceso, evaluar la necesidad de reformular la actividad y fortalecer el esquema de planeación frente a las actividades definidas y su alineación efectiva con la gestión operativa del proceso. | W31: 1 | X31: Durante el segundo cuatrimestre de 2024, se realizó el seguimiento de la supervision de 9 cades y supercades: Super Cade CAD, Super Cade Suba, Cade Toberin, Super Cade Fontibon, Super Cade Bosa, Super Cade Manitas, Super Cade Calle 13, Super Cade Egativa, Super Cade Americas. De esta manera, de da cumplimiento a la meta programada para el cuatrimestre y se lleva un avance del 66,6% | Y31: Actas de visitas de seguimiento (9 visitas de seguimiento) | Z31: Actas de seguimiento https://drive.google.com/drive/u/3/folders/1B-kwDFk_6PwiT4DEXkpBhguF9NOYRQ3F | AA31: El proceso durante el segundo cuatrimestre, reporta 9 visitas y lo contemplado eran 4, si es posible hacer mas visitas y la realizacion de las mismas ayuda a mejorar la gestion, se recomienda cambiar el indicador aumentando el denominador. | AB31: https://drive.google.com/drive/folders/1Mcaa1J4tN98NWaYc8qgE8lQiBaH171W9 | AC31: CUMPLIENDO | AD31: Cumplida | AE31: En atención a la meta e indicador establecidos e identificados como: Meta: 4 visitas de seguimiento en el primer cuatrimestre, 4 visitas en el segundo y 3 visitas en tercer cuatrimestre del 2024 Indicador: Realización de visitas de seguimieno al servicio prestado por la SDA Fórmula Indicador: No. de visitas de seguimiento al servicio prestado realizadas La oficina de control interno realizó el seguimiento cómo tercera línea de defensa observando lo siguiente: Una vez revisado el reporte de primera y segunda línea de defensa, se observó, que, para la actividad relacionada con la realización de visitas de seguimiento al servicio prestado en los diferentes puntos de atención presenciales de la SDA, se programó para el primer cuatrimestre, realizar cuatro (4) visitas de seguimiento, al verificar las evidencias, se observó que el proceso igual que el cuatrimestre anterior, aportó un total de nueve (9) actas de visitas así: Cinco (5) Actas de visitas efectuadas el 28-06-2024 así: Visita para revisión del punto supercade Américas, Visita para revisión del punto supercade BOSA, Visita para revisión del punto supercade CAD, Visita para revisión del punto supercade CALLE 13, Visita para revisión del punto supercade Manitas y cuatro(4) actas de visitas de fecha 21-06-2024 así: Visita para revisión del punto de atención super cade Engativá, Visita para revisión del punto de atención cade Fontibón, Visita para revisión del punto de atención super cade suba y Visita para revisión del punto de atención cade Toberín, respecto a los meses mayo, julio y agosto no se observan evidencias de seguimiento. Respecto al contenido de Las actas, se observó que, corresponden a reuniones de retroalimentación realizadas sobre la Política Pública Distrital de Servicio a la Ciudadanía, lineamientos y protocolos de atención, no obstante, adolece de información que permita conocer el seguimiento al servicio prestado en los diferentes puntos de atención presenciales de la SDA. Así mismo se evidenció una sobre ejecución respecto a la meta establecida para el cuatrimestre y la vigencia, por cuanto se programó realizar para 2024 un total de 11 visitas de seguimiento, de las cuales en enero y febrero se habían realizado 18, y con corte a este cuatrimestre 9 para un total de 27 visitas realizadas en la vigencia, excediendo la meta e indicador formulados, por lo expuesto, se reitera la recomendación hecha al proceso frente a evaluar la necesidad de reformular la actividad y fortalecer el esquema de planeación frente a las actividades definidas y su alineación efectiva con la gestión operativa del proceso. | AF31: 1
C32: 3. MECANISMOS PARA MEJORAR LA ATENCIÓN AL CIUDADANO | D32: 3.2 Fortalecimiento de los canales de atención | E32: 3.2.1 | F32: Implementar acciones del modelo de servicio al ciudadano para la SDA, acorde a los lineamientos dados por la Secretaria General. | G32: Implementar el 90% de las acciones propuestas por el modelo de servicio de la SDA, a diciembre de 2024 | H32: Porcentaje de implementación del modelo de servicio al ciudadano para la SDA | I32: (No. De actividades implementadas del modelo de servicio de la SDA / No. De actividades programadas del modelo de servicio de la SDA conforme al plan de acción para la vigencia 2024) x 100 | J32: documento de avance del modelo de servicio | K32: Subsecretaria general / servicio a la ciudadanía | L32: X | M32: X | N32: X | O32: Durante el primer trimestre de 2024 , se continuan implementado acciones del Modelo de Servicio a la Ciudadanía dando continuidad a las actividades realizadas en las vigencias anteriores, asi: • Implementación de Formato de monitoreo de gestión, que busca evaluar el desempeño y la calidad del servicio de cada uno de los agentes, logrando detectar oportunidades de mejora • Implementación y aplicación de encuestas de percepción ciudadana en el canal presencial, telefonico y virtual, evidenciando el grado de satisfacción sobre la atención prestada en la sala y los diferentes puntos de atención. • Implementacion de estrategias para el fortalecimiento de los canales de atención telefonco y virtual con el fin de garantizar el servicio y brindar el acceso a los tramites y servicios ofrecidos por la Entidad, asi mismo aumentando el numero de atenciones respecto a la vigencia anterior • Seguimiento y control de indicadores de gestión mensualmente • Entrenamientos y cualificacion a los servidores de manera constante y periodica • Incentivos a los agentes de servicio, asi como retroalimentacion de la calidad del servicio • Asistencia y participacion en ferias de servicio • Infraestructura adecuada para la prestacion del servicio contando con la señalizacion de sala principal en lengua de señas, braille, etnia wayu, idioma ingles | P32: 1 documento de avances | Q32: Documento de avance implementacion Modelo de Servicio https://drive.google.com/drive/u/0/folders/1LRMiDRmrtKy4hcAvhbGuyTaGHb5H3jm6 | R32: Se reporta implementación de las acciones del modelo de servicio a la ciudadanía, se observa matriz de seguimiento con 32 actividades que vienen siendo ya aplicadas desde años anteriores. Como acciones del 2024 se destacan la definición de los riesgos y la adecuacion de la sala presencial de atención, incluyendo los baños con accesibilidad para personas en condición de discapacidad. | S32: Matriz de seguimiento https://drive.google.com/drive/u/0/folders/1aVW66g2UoL5EMFaT1jZsvrTPVXYASTsa | T32: CUMPLIENDO | U32: Parcialmente | V32: En atención a la meta e indicador establecidos e identificados como: Meta: Implementar el 90% de las acciones propuestas por el modelo de servicio de la SDA, a diciembre de 2024 Indicador: Porcentaje de implementación del modelo de servicio al ciudadano para la SDA Fórmula Indicador: (No. De actividades implementadas del modelo de servicio de la SDA / No. De actividades programadas del modelo de servicio de la SDA conforme al plan de acción para la vigencia 2024) x 100 Se han documentado acciones del modelo de servicio al ciudadano para la SDA, acorde a los lineamientos dados por la Secretaria General, como las siguientes señaladas por la Primera y Segunda Líneas de Defensa: “a. Implementación y aplicación de encuestas de percepción ciudadana en el canal presencial, telefónico y virtual, evidenciando el grado de satisfacción sobre la atención prestada en la sala y los diferentes puntos de atención, b. Implementación de estrategias para el fortalecimiento de los canales de atención telefónico y virtual con el fin de garantizar el servicio y brindar el acceso a los tramites y servicios ofrecidos por la Entidad, así mismo aumentando el número de atenciones respecto a la vigencia anterior, c. Seguimiento y control de indicadores de gestión mensualmente, d. Entrenamientos y cualificación a los servidores de manera constante y periódica, e. Incentivos a los agentes de servicio, así como, retroalimentación de la calidad del servicio, f. Asistencia y participación en ferias de servicio y g. Infraestructura adecuada para la prestación del servicio contando con la señalización de sala principal en lengua de señas, braille, etnia wayu, idioma inglés”. Al respecto , se aportó un archivo excel, en el que se incluyen treinta y cinco (35) acciones compuestas además por ochenta y cinco (85) actividades, el mencionado archivo está disponible en los siguientes enlaces, de la Primera y Segunda Líneas de Defensa, respectivamente: https://drive.google.com/drive/u/0/folders/1LRMiDRmrtKy4hcAvhbGuyTaGHb5H3jm6 y https://drive.google.com/drive/u/0/folders/1aVW66g2UoL5EMFaT1jZsvrTPVXYASTsa; no obstante, frente a las acciones y actividades descritas en el archivo mencionado, el proceso no aportó ningún soporte o evidencia que permitiera efectivamente verificar la ejecución y/o implementación de las acciones allí contenidas. Así mismo, teniendo en cuenta que el indicador corresponde a (No. De actividades implementadas del modelo de servicio de la SDA / No. De actividades programadas del modelo de servicio de la SDA conforme al plan de acción para la vigencia 2024) x 100, y dado que la matriz de excel no relaciona registro de porcentajes de avance o ejecución, fechas de inicio o finalización, productos asociados o soportes de las actividades realizadas durante el periodo comprendido entre enero y abril de 2024 no es posible determinar su nivel de avance y ejecución. Finalmente, es importante mencionar que respecto a esta actividad desde la vigencia 2022 e incluso en la vigencia 2023, se hizo reiterativa la recomendación de “fortalecer los mecanismos de autocontrol que permitan contar con la evidencia suficiente respecto a la implementación del modelo de servicio al ciudadano para la entidad”, la cual además fue comunicada mediante los radicados 2023IE08129 del 16 de enero de 2023 correspondiente al Seguimiento a las Acciones del Plan Anticorrupción y de Atención al Ciudadano (PAAC) y Mapa de Riesgos Institucional (Corrupción y Gestión) / Tercer Cuatrimestre 2022, y el radicado 2023IE107483 del 15 de mayo de 2023, correspondiente al Seguimiento a las Acciones de PAAC / Programa de Transparencia y Ética Pública (Componentes, Mapa de Riesgos y Reporte Aplicativo SUIT) / Primer Cuatrimestre 2023. Sin embargo, a la fecha (mayo de 2024), el proceso, continua sin tomar medidas, que permitan determinar el nivel de avance e implementación del Modelo del Servicio al Ciudadano, denotando debilidades de autocontrol frente a las acciones de monitoreo y seguimiento a las recomendaciones comunicadas por esta oficina. | W32: 0 | X32: Durante el segundo cuatrimestre de 2024 , se continuan implementado acciones del Modelo de Servicio a la Ciudadanía dando continuidad a las actividades realizadas en las vigencias anteriores, asi: • Implementación de Formato de monitoreo de gestión, que busca evaluar el desempeño y la calidad del servicio de cada uno de los agentes, logrando detectar oportunidades de mejora • Implementación y aplicación de encuestas de percepción ciudadana en el canal presencial, telefonico y virtual, evidenciando el grado de satisfacción sobre la atención prestada en la sala y los diferentes puntos de atención. • Implementacion de estrategias para el fortalecimiento de los canales de atención telefonco y virtual con el fin de garantizar el servicio y brindar el acceso a los tramites y servicios ofrecidos por la Entidad, asi mismo aumentando el numero de atenciones respecto a la vigencia anterior • Seguimiento y control de indicadores de gestión mensualmente • Entrenamientos y cualificacion a los servidores de manera constante y periodica • Incentivos a los agentes de servicio, asi como retroalimentacion de la calidad del servicio • Asistencia y participacion en ferias de servicio • Infraestructura adecuada para la prestacion del servicio contando con la señalizacion de sala principal en lengua de señas, braille, etnia wayu, idioma ingles De acuerdo a lo anterior, se da cumplimiento a esta actividad, alcanzando un avance del 66,66% con corte de julio | Y32: 1 documento de avances | Z32: Documento de avance implementacion Modelo de Servicio https://drive.google.com/drive/u/3/folders/1xrGgeY2y2Z1whw-bMA072VF7pVutMXl2 | AA32: El proceso reporta el seguimiento al plan de accion modelo de servicio durante el segundo cuatrimestre , pero se deberia aterrizar un poco mas el indicador para medir esta actividad con mayor precision . | AB32: https://drive.google.com/drive/folders/1Mcaa1J4tN98NWaYc8qgE8lQiBaH171W9 | AC32: CUMPLIENDO | AD32: Parcialmente | AE32: En atención a la meta e indicador establecidos e identificados como: Meta: Implementar el 90% de las acciones propuestas por el modelo de servicio de la SDA, a diciembre de 2024 Indicador: Porcentaje de implementación del modelo de servicio al ciudadano para la SDA Fórmula Indicador: (No. De actividades implementadas del modelo de servicio de la SDA / No. De actividades programadas del modelo de servicio de la SDA conforme al plan de acción para la vigencia 2024) x 100 La oficina de control interno realizó el seguimiento cómo tercera línea de defensa observando lo siguiente: De acuerdo con lo informado por la primera y segunda línea de defensa, se han implementado acciones del modelo de servicio al ciudadano para la SDA, acorde a los lineamientos dados por la Secretaria General, como las siguientes señaladas: “a. Implementación de Formato de monitoreo de gestión, que busca evaluar el desempeño y la calidad del servicio de cada uno de los agentes, logrando detectar oportunidades de mejora, b. Implementación y aplicación de encuestas de percepción ciudadana en el canal presencial, telefónico y virtual, evidenciando el grado de satisfacción sobre la atención prestada en la sala y los diferentes puntos de atención., c. Implementación de estrategias para el fortalecimiento de los canales de atención telefónico y virtual con el fin de garantizar el servicio y brindar el acceso a los tramites y servicios ofrecidos por la Entidad, así mismo aumentando el número de atenciones respecto a la vigencia anterior, d. Seguimiento y control de indicadores de gestión mensualmente, e. Entrenamientos y cualificación a los servidores de manera constante y periódica, f. Incentivos a los agentes de servicio, así como, retroalimentación de la calidad del servicio, g. Asistencia y participación en ferias de servicio y h. Infraestructura adecuada para la prestación del servicio contando con la señalización de sala principal en lengua de señas, braille, etnia wayu, idioma inglés”. Al respecto, se aportó un archivo excel, en el que se observó la inclusión de treinta y cinco (35) acciones compuestas además por ochenta y cinco (85) actividades, documento Excel que está disponible en el enlace drive https://drive.google.com/drive/folders/1Mcaa1J4tN98NWaYc8qgE8lQiBaH171W9, de la Segunda Líneas de Defensa, frente a las acciones y actividades descritas en el archivo mencionado, no se aportó ningún soporte o evidencia adicional que permitiera efectivamente verificar su ejecución y/o implementación. Así mismo, llama la atención, que el proceso reporta para el componente de tecnología indica que “Se cuenta con un PBX, el cual permite realizar el seguimiento y monitoreo al canal telefónico”, y “El grupo de Servicio a la Ciudadanía, está en constante mejoramiento de las tecnologías, durante la vigencia 2018 y 2019 se adquirieron e implementaron nuevos equipos tecnológicos y periféricos como lo son las impresoras térmicas, las cuales mejoran la calidad de la impresión del radicado”, sin embargo, no menciona, que acciones ha ejecutado durante el segundo cuatrimestre de 2024, tendientes al mejoramiento continuo de las tecnologías aplicadas al servicio al ciudadano que garanticen la atención efectiva de las necesidades de los grupos de interés tanto internos como externos. Así mismo, como se indicó en el seguimiento del cuatrimestre anterior, teniendo en cuenta que el indicador corresponde a (No. De actividades implementadas del modelo de servicio de la SDA / No. De actividades programadas del modelo de servicio de la SDA conforme al plan de acción para la vigencia 2024) x 100, y dado que la matriz de Excel remitida por el área no contiene registro de porcentajes de avance o ejecución, fechas de inicio o finalización, productos asociados o soportes de las actividades realizadas durante el periodo objeto de seguimiento, (II cuatrimestre 2024), se recomienda reformular el indicador propuesto, toda vez que no refleja de manera efectiva la realidad operativa de la entidad. Tal como se ha mencionado desde la vigencia 2022 e incluso en la vigencia 2023, se hace reiterativa la recomendación de “fortalecer los mecanismos de autocontrol que permitan contar con la evidencia suficiente respecto a la implementación del modelo de servicio al ciudadano para la entidad”, la cual además fue comunicada mediante los radicados 2023IE08129 del 16 de enero de 2023 correspondiente al Seguimiento a las Acciones del Plan Anticorrupción y de Atención al Ciudadano (PAAC) y Mapa de Riesgos Institucional (Corrupción y Gestión) / Tercer Cuatrimestre 2022, y el radicado 2023IE107483 del 15 de mayo de 2023, correspondiente al Seguimiento a las Acciones de PAAC / Programa de Transparencia y Ética Pública (Componentes, Mapa de Riesgos y Reporte Aplicativo SUIT) / Primer Cuatrimestre 2023 y radicado 2024IE105031 del 16 de mayo de 2024 Seguimiento a las Acciones del Programa de Transparencia y Ética Pública PTEP - Plan Anticorrupción y de Atención al Ciudadano - PAAC - (Componentes, Mapa de Riesgos y Reporte Aplicativo SUIT) / Primer Cuatrimestre 2024. Sin embargo, a la fecha (septiembre de 2024), el proceso, continua sin tomar medidas, que permitan determinar el nivel de avance e implementación del Modelo del Servicio al Ciudadano, aun cuando se han generado espacios de conversación y mesas de trabajo de aclaración y consultoría, lo que evidencia, debilidades de autocontrol frente a las acciones de seguimiento no sólo a las recomendaciones comunicadas por esta oficina, sino a la gestión efectiva del proceso, pues los instrumentos aportados para dar cuenta de su gestión no contienen información suficiente, que permitan determinar que efectivamente se están desarrollando las actividades registradas en el Modelo de servicio al ciudadano para la SDA, acorde a los lineamientos dados por la Secretaria General. | AF32: 0
C33: 3. MECANISMOS PARA MEJORAR LA ATENCIÓN AL CIUDADANO | D33: 3.3 Talento Humano | E33: 3.3.1 | F33: Realizar actividades de entrenamiento a los servidores del grupo servicio a la ciudadania, en cumplimiento a la política distrital de servicio al ciudadano. | G33: 30 entrenamientos para el personal de servicio al ciudadano y correspondencia. | H33: Cumplimiento del número de entrenamientos al personal de servicio a la ciudadanía | I33: No. de entrenamientos realizados durante la vigencia 2024 | J33: informes, documentos, actas de reunion y listados de asistencia | K33: Subsecretaria general / servicio a la ciudadanía | L33: X | M33: X | N33: X | O33: Durante el primer trimestre de 2024, se realizaron 7 entrenamientos periodicos en temas relacionados con la misionalidad de la entidad y temas relacionados con servicio ala ciudadania, asi: digiturno, socualizacion del procedimiento "Canales de Atencion y Gestion PQRSF", protocolos de atencion, normativas. | P33: 7 entrenanamientos a los servidores de Servicio a la Ciudadania | Q33: Soporte de capacitaciones https://drive.google.com/drive/u/0/folders/1BbxhWbbsiseDUh5YKhR0J3dhFH_0AEr0 | R33: El proceso reporta 7 de los 30 entrenamientos programados para el personal de servicio al ciudadano y correspondencia, es decir un avance del 23%, en temas relacionados con digiturno, paz y salvo, procedimiento de canales de atenció, gestión de PQRSF, protocolos de atención, normativa. | S33: Actas de reunión y listados de asistencia de entrenamientos https://drive.google.com/drive/u/0/folders/1LB7ysHrh3ywqkh57_YEPT0O3bpRRPb_X | T33: CUMPLIENDO | U33: Cumplida | V33: En atención a la meta e indicador establecidos e identificados como: Meta: 30 entrenamientos para el personal de servicio al ciudadano y correspondencia. Indicador: Cumplimiento del número de entrenamientos al personal de servicio a la ciudadanía Fórmula Indicador: No. de entrenamientos realizados durante la vigencia 2024 De acuerdo con lo reportado por la primera y segunda línea de defensa, para esta actividad, el proceso indicó que realizó “7 entrenamientos periódicos en temas relacionados con la misionalidad de la entidad y temas relacionados con servicio a la ciudadanía, así: Digiturno, socialización del procedimiento "Canales de Atención y Gestión PQRSF", protocolos de atención, normativas”. No obstante, al revisar los soportes aportados, se evidencian 9 soportes relacionados con actividades de capacitación y socialización, correspondientes a los meses de enero, febrero y marzo, reflejando diferencias frente al reporte de la primera línea y segunda línea realizados, así mismo, teniendo en cuenta que se trata de un seguimiento cuatrimestral, no se evidencian soportes frente a las actividades desarrolladas durante el mes de abril. Teniendo en cuenta que el indicador corresponde a No. de entrenamientos realizados durante la vigencia 2024, y que la meta corresponde a realizar 30 entrenamientos durante la vigencia, se determina un cumplimiento para el primer cuatrimestre de 2024, corresponde al 27% . | W33: 0.27 | X33: Durante el segundo cuatrimestre de 2024, se realizaron 10 entrenamientos periodicos en temas relacionados con la misionalidad de la entidad y temas relacionados con servicio ala ciudadania, asi: Cualificación en serivio al ciudadano, Atencion diferencial poblacion LGTBI, Liquidacion Registro Publicidad Exterior, protocolos de atencion, sisitema documental Forest, denuncias actos de corrupcion. De esta manera de acuerdo a la meta proyectada, se lleva un avance del 60% | Y33: 10 entrenanamientos a los servidores de Servicio a la Ciudadania | Z33: Soporte de capacitaciones Drive: https://drive.google.com/drive/u/3/folders/1qRo0yg9wqFjKrN_OpQXMupADE8vxAW9D | AA33: El proceso durante el segundo cuatrimestre, reporta 10 entrenamientos a los servidores de servicio a la ciudadania, en temas realacionados con la misionalidad de la entidad, la cualificacion del servicio al ciudadano, la atencion diferencial, etc, para lo anterior lleva un 56% al cerrar Agosto. | AB33: https://drive.google.com/drive/folders/1Mcaa1J4tN98NWaYc8qgE8lQiBaH171W9 | AC33: CUMPLIENDO | AD33: Cumplida | AE33: En atención a la meta e indicador establecidos e identificados como: Meta: 30 entrenamientos para el personal de servicio al ciudadano y correspondencia. Indicador: Cumplimiento del número de entrenamientos al personal de servicio a la ciudadanía Fórmula Indicador: No. de entrenamientos realizados durante la vigencia 2024 Seguimiento tercera línea de Defensa: De acuerdo con lo reportado por la primera y segunda línea de defensa, para esta actividad, el proceso indicó que realizó “10 entrenamientos periódicos en temas relacionados con la misionalidad de la entidad y temas relacionados con servicio a la ciudadanía, así: la cualificación del servicio al ciudadano, la atención diferencial,”. Teniendo en cuenta que el indicador corresponde a No. de entrenamientos realizados durante la vigencia 2024, y que la meta corresponde a realizar 30 entrenamientos durante la vigencia, se determina un cumplimiento acumulado para el segundo cuatrimestre de 2024, correspondiente al 56%, por cuanto se han ejecutado 17 entrenamientos a la fecha. | AF33: 0.56
C34: 3. MECANISMOS PARA MEJORAR LA ATENCIÓN AL CIUDADANO | D34: 3.4 Normativo y procedimental | E34: 3.4.1 | F34: Realizar seguimiento a la oportunidad de las PQRS que ingresan a través de los diferentes canales de atención de la SDA, generando las alertas necesarias; y efectuar un informe de evaluación mensual de la oportunidad de respuesta, teniendo en cuenta los plazos establecidos en la Ley 1755 de 2015. | G34: 100% de los PQRSF que ingresan a la entidad con seguimiento semanal. Un (1) informe mensual de la gestión y a la atención de las PQRSF realizado y publicado. | H34: Porcentaje de PQRSF con seguimiento semestral realizado Realización del informe mensual de seguimiento a la atención de PQRSF | I34: (No. de PQRSF con seguimiento a la oportunidad de respuesta / No. total de PQRSF ingresadas a la entidad) x 100 No. de informes mensuales de seguimiento a la atención de PQRSF, durante la vigencia 2024. | J34: Informes de PQR, pantallazos de publicación | K34: Subsecretaria general / servicio a la ciudadanía | L34: X | M34: X | N34: X | O34: Durante el primer trimestre de 2024, se llevó a cabo seguimiento a 6568 peticiones; adicionalmente, se llevó a cabo la clasificación en las siguientes tipologías: Derechos de petición de interés general o particular, quejas, reclamos, solicitudes de información, consultas y felicitaciones, asignándolas a los diferentes áreas de la Secretaría Distrital de Ambiente, para su respectiva gestión y respuesta. Segun con el procedimietno interno PA09-PR04, se realizaron alarmas semanales, las cuales fueron enviados a los líderes y enlaces de PQRSF de los diferentes procesos, con el propósito de minimizar las respuestas fuera de término expedidas por la Entidad, teniendo en cuenta los plazos establecidos en la Ley 1755 de 2015 "Por medio de la cual se regula el Derecho Fundamental de Petición y se establece que toda persona tiene derecho a presentar peticiones respetuosas a las autoridades, por motivos de interés general o particular, y a obtener pronta resolución completa y de fondo sobre la misma". Es así, como en dicho ejercicio se identificó que el 91% recibió respuesta dentro de los términos de ley, el 4% recibio respuesta fuera de termino, el 3% se encuentra sin respuesta fuera de termino y el 2% restante se encuentra en termino para dar respuesta en el meses de abril y mayo de 2024 ; cabe resaltar que el 96% de las peticiones registradas corresponden a los proceso misionales de la Entidad. | P34: 100% de PQRS con seguimiento en la oportunidad de respuestas | Q34: Informes publicados en la pagina web : https://www.ambientebogota.gov.co/es/web/transparencia/informe-de-pqrs Drive: https://drive.google.com/drive/u/0/folders/1GNwrtDn69A9lihgbfn804QfnuGiRqUJV | R34: El proceso reporta gestión y seguimiento semanal al 100% de los PQRSF que ingresan a la entidad, en lo corrido del primer trimestre se recibieron 6568 peticiones. Se evidencia elaboración y publicación del informe mensual de la gestión y a la atención de las PQRSF de enero y febrero de 2024, en el módulo de transparencia del portal web, numeral 4.10. Informes trimestrales sobre acceso a información, quejas y reclamos/. A la fecha de realización de este monitoreo no se encuentra público el informe de marzo, se chequeará su publicación en el siguiente monitoreo. | S34: Publicación web https://www.ambientebogota.gov.co/es/web/transparencia/informe-de-pqrs/-/document_library_display/6nLwHuCsY1JF/view/6380600 Informes PQRSF https://drive.google.com/drive/u/0/folders/1M7za1R-ht_hBBJVsjjhJpIjrVnE7h3hM | T34: CUMPLIENDO | U34: Parcialmente | V34: En atención a la meta e indicador establecidos e identificados como: Meta: 100% de los PQRSF que ingresan a la entidad con seguimiento semanal. Un (1) informe mensual de la gestión y a la atención de las PQRSF realizado y publicado. Indicador: Porcentaje de PQRSF con seguimiento semestral realizado Realización del informe mensual de seguimiento a la atención de PQRSF Fórmula Indicador: (No. de PQRSF con seguimiento a la oportunidad de respuesta / No. total de PQRSF ingresadas a la entidad) x 100 No. de informes mensuales de seguimiento a la atención de PQRSF, durante la vigencia 2024. Se observó, la realización del seguimiento a la oportunidad de las PQRS que ingresan a través de los diferentes canales de atención de la SDA, y se efectuó un informe de evaluación mensual de la oportunidad de respuesta, teniendo en cuenta los plazos establecidos en la Ley 1755 de 2015, hasta marzo de 2024, faltando publicar el de abril de 2024, conforme a lo verificado en el enlace https://www.ambientebogota.gov.co/es/web/transparencia/informe-de-pqrs/-/document_library_display/6nLwHuCsY1JF/view/6380600, así mismo, en el repositorio https://drive.google.com/drive/u/0/folders/1M7za1R-ht_hBBJVsjjhJpIjrVnE7h3hM de DPSIA, sólo se encuentran disponibles los informes de enero y febrero de 2024 y finalmente, en ninguno de los enlaces mencionados, se observaron las alertas necesarias realizadas conforme se señalado en la actividad. Por lo expuesto, dado que sólo se evidenciaron 2 de 4 informes mensuales, se evidencia un cumplimiento parcial del 25%. | W34: 0.25 | X34: Durante el segundo cuatrimestre de 2024, se llevó a cabo seguimiento a 9380 peticiones; asi: en abril 2538, en mayo 2276, en junio 2064 y en julio 2502 (el ceirre de PQRSf se realiza mes vencido asi como sus informes, razon por la cual se reporte de abril a julio) adicionalmente, se llevó a cabo la clasificación en las siguientes tipologías: Derechos de petición de interés general o particular, quejas, reclamos, solicitudes de información, consultas y felicitaciones, asignándolas a los diferentes áreas de la Secretaría Distrital de Ambiente, para su respectiva gestión y respuesta. Segun con el procedimietno interno PA09-PR04, se realizaron alarmas semanales, las cuales fueron enviados a los líderes y enlaces de PQRSF de los diferentes procesos, con el propósito de minimizar las respuestas fuera de término expedidas por la Entidad, teniendo en cuenta los plazos establecidos en la Ley 1755 de 2015 "Por medio de la cual se regula el Derecho Fundamental de Petición y se establece que toda persona tiene derecho a presentar peticiones respetuosas a las autoridades, por motivos de interés general o particular, y a obtener pronta resolución completa y de fondo sobre la misma". Es así, como en dicho ejercicio se identificó que el 94% recibió respuesta dentro de los términos de ley, el 5% recibio respuesta fuera de termino, el 3% se encuentra sin respuesta fuera de termino y el 1% restante se encuentra en termino para dar respuesta en el meses de julio y agosto de 2024 ; cabe resaltar que el 97% de las peticiones registradas corresponden a los proceso misionales de la Entidad. De acuerdo a lo anterior se lleva un avance de cumplimiento del 66,6% con corte de junio en la realizacion del seguimiento del 100% de las PQRSF ingresadas a la entidad | Y34: 100% de PQRS con seguimiento en la oportunidad de respuestas | Z34: Informes publicados en la pagina web : https://www.ambientebogota.gov.co/es/web/transparencia/informe-de-pqrs Drive: Resumen PQRSF a julio https://drive.google.com/drive/u/3/folders/15ZxhYx2qcjz02NMM1iEzqV-eM41djvds | AA34: El proceso presenta durante el segundo cuatrimestre, el seguimiento a las peticiones allegadas a la entidad, se aconseja quizas medir la efectividad de las respuestas o las califiacciones que dan usuarios. | AB34: https://drive.google.com/drive/folders/1Mcaa1J4tN98NWaYc8qgE8lQiBaH171W9 | AC34: CUMPLIENDO | AD34: Parcialmente | AE34: En atención a la meta e indicador establecidos e identificados como: Meta: 100% de los PQRSF que ingresan a la entidad con seguimiento semanal. Un (1) informe mensual de la gestión y a la atención de las PQRSF realizado y publicado. Indicador: Porcentaje de PQRSF con seguimiento semestral realizado Realización del informe mensual de seguimiento a la atención de PQRSF Fórmula Indicador: (No. de PQRSF con seguimiento a la oportunidad de respuesta / No. total de PQRSF ingresadas a la entidad) x 100 No. de informes mensuales de seguimiento a la atención de PQRSF, durante la vigencia 2024 Seguimiento tercera línea de defensa: De acuerdo con lo reportado por la primera y segunda línea de defensa, se realizó seguimiento mes vencido a la oportunidad de las PQRS que ingresan a través de los diferentes canales de atención de la SDA, y se efectuó un informe de evaluación mensual de la oportunidad de respuesta, teniendo en cuenta los plazos establecidos en la Ley 1755 de 2015, al consultar el enlace en el enlace https://drive.google.com/drive/folders/1fEYbJF3lpGXeaDsYvsQhTG4LaYM0JwtM, se evidenció consolidación de datos de atención a PQRSD enero a julio de 2024 en un formato Excel, sin embargo, en el enlace mencionado no se evidenciaron las alertas necesarias realizadas conforme se señaló en la actividad, ni se aportaron los informes mensuales de la gestión y a la atención de las PQRSF realizados y publicados, que permitan determinar el "Porcentaje de PQRSF con seguimiento semestral realizado”, así como la realización del informe mensual de seguimiento a la atención de PQRSF para el mes de julio. Por lo expuesto y dado que la fórmula para medir el indicador corresponde a No. de PQRSF con seguimiento a la oportunidad de respuesta / No. total de PQRSF ingresadas a la entidad) x 100 No. de informes mensuales de seguimiento a la atención de PQRSF, durante la vigencia 2024, con el fin de validar su publicación, esta oficina procedió a consultar la página web de la SDA, y se observó la publicación de informes de seguimiento hasta el mes de junio, y no se encuentra disponible el informe del mes de Julio, por lo anterior, teniendo en cuenta que sólo se evidenciaron 3 de 4 informes mensuales reportados para el segundo cuatrimestre (abril, mayo y junio), se evidencia un cumplimiento parcial del 75% (tres informes de cuatro programados para este periodo). | AF34: 0.75
C35: 3. MECANISMOS PARA MEJORAR LA ATENCIÓN AL CIUDADANO | D35: 3.5 Relacionamiento con el ciudadano | E35: 3.5.1 | F35: Medir el porcentaje de satisfacción del servicio prestado por el grupo servicio a la ciudadanía, mediante la aplicación de una encuesta de percepción a una muestra del 60% de los usuarios atendidos por los canales presencial y telefónico de la SDA. | G35: Mantener un 94% de satisfacción de atención en la sala de Servicio a la Ciudadanía y vía telefónica y presencial, promedio cuatrimestral | H35: Porcentaje de satisfacción de atención en la sala de Servicio a la Ciudadanía y vía telefónica de la SDA | I35: (Sumatoria de los resultados de satisfacción de los usuarios encuestados / No. total de encuestas diligenciadas por los ciudadanos) x 100 | J35: Informes de seguimiento. | K35: Subsecretaria general / servicio a la ciudadanía | L35: X | M35: X | N35: X | O35: Durante el primer trimestre de la vigencia 2024, se aplicaron un total de 5.876 encuestas a través de los canales de atencion presencial (1564) telefonico (3927) y virtual (385), los cuales respondieron a la pregunta ¿se encuentra satisfecho con el servicio prestado por la persona que lo atendió? y se obtuvo de esta manera un porcentaje de satisfacción promedio de 96%, asi: un 100% de satisfacción mediante el canal presencial, un 100% en el canal telefónico y un 88% en el canal virtual | P35: 96% de satisfacción ciudadana | Q35: Infomes de Satisfaccion y Percepcion Ciudadana https://drive.google.com/drive/u/0/folders/1A3ZjadWd1gCqk-Yfirz8-P51i1C-Wo2G | R35: El proceso reporta aplicación de 5876 encuestas de percepción y satisfacción del servicio prestado por laSDA, tanto presencial, vía telefónica y virtual, con un promedio general de 96% que manifestó encontrarse satisfecho con el servicio recibido. Por lo cual se evidencia cumplimiento de la meta de mantener un 94% de satisfacción de atención, promedio. | S35: Informes https://drive.google.com/drive/u/0/folders/1L6wA3Ksgecj0E-PrIowvEj2AEp5PSgvs | T35: CUMPLIENDO | U35: Parcialmente | V35: En atención a la meta e indicador establecidos e identificados como: Meta: Mantener un 94% de satisfacción de atención en la sala de Servicio a la Ciudadanía y vía telefónica y presencial, promedio cuatrimestral Indicador: Porcentaje de satisfacción de atención en la sala de Servicio a la Ciudadanía y vía telefónica de la SDA Fórmula Indicador: (Sumatoria de los resultados de satisfacción de los usuarios encuestados / No. total de encuestas diligenciadas por los ciudadanos) x 100 Se observó que se midió el porcentaje de satisfacción del servicio prestado por el grupo servicio a la ciudadanía, mediante la aplicación de una encuesta de percepción a los usuarios atendidos por los canales presencial y telefónico de la SDA, en los meses de enero, febrero y marzo de 2024, faltando la medición del mes de abril de 2024, conforme a los documentos que se encuentran en el siguiente enlace https://drive.google.com/drive/u/0/folders/1L6wA3Ksgecj0E-PrIowvEj2AEp5PSgvs, razón por la cual se evidenció un cumplimiento del 25% para el cuatrimestre. | W35: 0.25 | X35: Durante el segundo cuatrimestre de la vigencia 2024, se aplicaron un total de 8103 encuestas a través de los canales de atencion presencial (1793) telefonico (5849) y virtual (461), los cuales respondieron a la pregunta ¿se encuentra satisfecho con el servicio prestado por la persona que lo atendió? y se obtuvo de esta manera un porcentaje de satisfacción promedio de 92%, asi: un 100% de satisfacción mediante el canal presencial, un 100% en el canal telefónico y un 75% en el canal virtual De acuerdo a lo anterior, se dui cumplimiento a la meta planeata en un 98%. | Y35: 92% de satisfacción ciudadana | Z35: Infomes de Satisfaccion y Percepcion Ciudadana Drive: https://drive.google.com/drive/u/3/folders/1QviDtFWj58iQxbbWQKNmS3bQ7_Jfewpf | AA35: Para el segundo cuatrimestre del año, se evidencian los informes de percepcion de abril hasta junio, se recomienda hacer una evaluacion a estos informes de percepcion y realizar un plan de trabajo para mejorar las cosas negativas. | AB35: https://drive.google.com/drive/folders/1Mcaa1J4tN98NWaYc8qgE8lQiBaH171W9 | AC35: CUMPLIENDO | AD35: Parcialmente | AE35: En atención a la meta e indicador establecidos e identificados como: Meta: Mantener un 94% de satisfacción de atención en la sala de Servicio a la Ciudadanía y vía telefónica y presencial, promedio cuatrimestral Indicador: Porcentaje de satisfacción de atención en la sala de Servicio a la Ciudadanía y vía telefónica de la SDA Fórmula Indicador: (Sumatoria de los resultados de satisfacción de los usuarios encuestados / No. total de encuestas diligenciadas por los ciudadanos) x 100 Seguimiento tercera línea de defensa: Se observó que se midió el porcentaje de satisfacción del servicio prestado por el grupo servicio a la ciudadanía, mediante la aplicación de una encuesta de percepción a los usuarios atendidos por los canales presencial y telefónico de la SDA, en los meses de abril (92.1%), mayo (90.3%) y junio (91.73%) de 2024, faltando la medición del mes de julio de 2024, conforme a los documentos que se encuentran en el siguiente enlace https://drive.google.com/drive/folders/1-1b2xUk65VML75lF4mgnr7KV-k6pjplu, razón por la cual se evidenció un cumplimiento parcial del 91.37% para el cuatrimestre respecto de la meta de "Mantener un 94% de satisfacción de atención en la sala de Servicio a la Ciudadanía y vía telefónica y presencial, promedio cuatrimestral" | AF35: 0.9137
C36: 3. MECANISMOS PARA MEJORAR LA ATENCIÓN AL CIUDADANO | D36: 3.5 Relacionamiento con el ciudadano | E36: 3.5.2 | F36: Dar respuesta oportuna y de fondo a las solicitudes reiteradas o allegadas al Defensor del Ciudadano de la SDA. | G36: Atender el 100% de las solicitudes reiteradas allegadas al defensor del Ciudadano | H36: Porcentaje de atención de las solicitudes reiteradas allegadas al defensor del Ciudadano | I36: (No. de respuestas atendidas efectivamente por el defensor ciudadano / No.de solicitudes recibidas por el defensor del ciudadano de la SDA) x 100 | J36: Informes de seguimiento. | K36: Subsecretaria general / servicio a la ciudadanía | L36: X | M36: X | N36: X | O36: Durante el primer trimestre de 2024, se recibieron 1 reiteradas las cuales fueron gestionados por el Defensor del Ciudadano, como se observa en los informes mensuales del Defensor del mes de febrero donde se recibio. | P36: 100% de las solicitadas gestionadas | Q36: Informes del Defensor del Ciudadano https://drive.google.com/drive/u/0/folders/1oIjvMmf40XciUavAPYQseZ0lb7I3Bx2h | R36: En el mes de enero ingresaron 69 solicitudes reiteradas y en febrero se recibieron 91 solicitudes reiteradas, registradas por nuestros diferentes canales de atención (virtual, telefónica y presencial), de las cuales se atendió el 100% de las solicitudes reiteradas. Se evidencia el informe mensual de defensor del ciudadano del mes de enero y febrero de 2024. | S36: Informes https://drive.google.com/drive/u/0/folders/1Bk2TTeb0ogAfX1Qg8qy3SfP7E9zS50iq | T36: CUMPLIENDO | U36: Parcialmente | V36: En atención a la meta e indicador establecidos e identificados como: Meta: Atender el 100% de las solicitudes reiteradas allegadas al defensor del Ciudadano Indicador: Porcentaje de atención de las solicitudes reiteradas allegadas al defensor del Ciudadano Fórmula Indicador: (No. de respuestas atendidas efectivamente por el defensor ciudadano / No.de solicitudes recibidas por el defensor del ciudadano de la SDA) x 100 Se observó que, se ha dado respuesta oportuna y de fondo a las solicitudes reiteradas o allegadas al Defensor del Ciudadano de la SDA, conforme a los informes de seguimiento de este tema correspondientes a los meses de enero y febrero de 2024, publicados en el enlace: https://drive.google.com/drive/u/0/folders/1Bk2TTeb0ogAfX1Qg8qy3SfP7E9zS50iq. Teniendo en cuenta que no se aportaron los informes de seguimiento de marzo y abril de 2024, se evidenció un nivel de cumplimiento del 17%. Respecto a los informes aportados, se recomienda incluir un flujo de revisión y aprobación dentro de los mismos, con el fin de determinar que los que se encuentran adjuntos corresponden a documentos finales aprobados por el rol de Defensor del Ciudadano. | W36: 0.17 | X36: Durante el segundo cuatrimestre de 2024, se recibieron 102 reiteradas las cuales fueron gestionados por el Defensor del Ciudadano recibidos a traves de los diferentes canales de atencion hablilitados, asi: en abril 65 , en mayo 37, junio 34. Lo anterior se puede observar en los informes de seguimiento del Defensor. De esta manera se lleva un avance de cumplimiento, en la gestiom del total de las reiteradas recibidas del 66,6% con corte a julio. | Y36: 100% de las solicitadas gestionadas | Z36: Informes del Defensor del Ciudadano Dirve: https://drive.google.com/drive/u/3/folders/1ncimoFUrfmgOJOOzvyI-2Iv9B_oINOHR | AA36: El rpoceso presenta los informes de fdefensor al ciudadano del segundo cuatrimestre, donde se encuentra el seguimiento a las solicitudes reiteradas, se recomienda que bajo este numero de reiteradas se pongan en marcha actividades que mejoren la eficiencia de las solicitudes. | AB36: https://drive.google.com/drive/folders/1Mcaa1J4tN98NWaYc8qgE8lQiBaH171W9 | AC36: CUMPLIENDO | AD36: Parcialmente | AE36: En atención a la meta e indicador establecidos e identificados como: Meta: Atender el 100% de las solicitudes reiteradas allegadas al defensor del Ciudadano Indicador: Porcentaje de atención de las solicitudes reiteradas allegadas al defensor del Ciudadano Fórmula Indicador: (No. de respuestas atendidas efectivamente por el defensor ciudadano / No.de solicitudes recibidas por el defensor del ciudadano de la SDA) x 100 Seguimiento tercera línea de defensa: De acuerdo con el reporte de primera y segunda línea de defensa, se presentaron los informes de seguimiento a solicitudes reiteradas o allegadas al Defensor del Ciudadano de la SDA, conforme a los informes de seguimiento de éste tema de los meses de abril, mayo y junio de 2024, publicados en el enlace: https://drive.google.com/drive/folders/1O7BcunUVFKY5lNj8AQJB_0kAItTKRrDI . Por lo anterior, se observó un cumplimiento promedio del 73.52%, teniendo en cuenta que sólo se aportaron tres informes de seguimiento de abril, mayo y junio de 2024. De acuerdo a las situaciones descritas, se recomienda disponer de las evidencias asociadas al periodo de seguimiento en donde se observen las actividades ejecutadas para cada cuatrimestre, con el fin de establecer el logro de la atención del 100% de las solicitudes reiteradas allegadas al defensor del Ciudadano, así mismo, se recomienda en los informes generados, incluir un flujo de revisión y aprobación, con el fin de determinar que los que se encuentran adjuntos corresponden a documentos finales aprobados por el rol de Defensor del Ciudadano. | AF36: 0.7352
